Cogmind - Beta 16.1 @@@ ROGUE MODE // 2026.02.22 @ 16:27:30 Player: alice_fexa Result: Escaped! Performance ------------- Evolutions (9) 4500 Regions Visited (30) 6000 Robots Destroyed (623) 3115 Value Destroyed (29179) 29179 Prototype IDs (76) 1520 Alien Tech Used (0) 0 Bonus (17895) 17895 TOTAL SCORE: 62209 Bonus ------- Triggered High Security 500 High Alert Combat Kills 7439 Follower Combat Kills 2265 Entered Garrisons 200 Network Hubs Disabled 400 Met Data Miner 300 Met Imprinter 300 Acquired ECA 300 Met Warlord at Base 500 MAIN.C Attacked Warlord 500 Warlord Defense Kills 396 Built Enhanced Grunts 300 Met R17 at Cetus 500 Met R17 at Research 2000 Win 3000 Friendly Fire -1005 Cogmind --------- Core Integrity 1600/1600 Matter 290/300 Energy 697/700 System Corruption 0% Temperature Cool (7) Movement Flying (21) Location To Epsilon Eridani Parts ------- > --- POWER (2) -------- Vortex Chain Reactor > --- PROPULSION (13) -- Gravmag Array Antigrav System Improved Linear Gravjet Xenon Bombardment Thruster Xenon Bombardment Thruster Xenon Bombardment Thruster Nuclear Pulse Thruster Nuclear Pulse Array Cooled Impulse Thruster Improved Q-thruster > --- UTILITY (4) ------ Advanced Heat Sink Experimental Optical Array IFF Parser Advanced System Shield > --- WEAPON (6) ------- Heavy Proton Missile Launcher Advanced Datajack Improved Plasma Cutter Thunder Hammer Plasma Lance > --- INVENTORY (5) ---- Enhanced Nova Cannon Fusion Bomb Launcher Peak State ------------ > --- POWER ------------ Light Quantum Reactor Improved Quantum Reactor > --- PROPULSION ------- Armored Medium Treads Armored Medium Treads Biometal Medium Treads Improved Heavy Siege Treads Centrium Heavy Treads Centrium Heavy Treads > --- UTILITY ---------- Advanced Cooling System Huge Storage Unit Experimental Core Analyzer Advanced Force Field > --- WEAPON ----------- Improved KE Penetrator Improved KE Penetrator Railgun Helical Railgun Helical Railgun Helical Railgun > --- INVENTORY -------- Quantum Reactor Vortex Chain Reactor Advanced Medium Treads Improved Heavy Treads Experimental Energy Well Advanced Matter Compressor Advanced Matter Compressor IFF Parser Advanced Kinecellerator Makeshift Transmission Jammer Graphene Brace Experimental EM Shield Advanced Component Analysis Suite Improved System Restoration Module Long-range Tractor Beam Long-range Tractor Beam Coil Gun Coil Gun Linear Accelerator Compact Linear Accelerator Gamma Bomb Array Long-range Missile Launcher Improved Plasma Cutter [Rating: 182] Favorites ----------- Power Particle Reactor Engine Reinforced Deuterium Engine Power Core Light Neutrino Core Reactor Particle Reactor Propulsion Light Treads Treads Light Treads Leg Potential Leg Wheel Wheel Hover Unit Improved Linear Gravjet Flight Unit Xenon Bombardment Thruster Utility Huge Storage Unit Device IFF Parser Storage Huge Storage Unit Processor Core Analyzer Hackware Advanced System Shield Protection Improved Light Armor Plating Weapon KE Penetrator Energy Gun Particle Gun Energy Cannon Enhanced Nova Cannon Ballistic Gun KE Penetrator Ballistic Cannon Heavy Autocannon Launcher Long-range Missile Launcher Special Weapon Improved Plasma Cutter Impact Weapon Heavy Mace Piercing Weapon Plasma Lance Special Melee Weapon Advanced Datajack Build | -11 -10 -10 -10 -9 -8 -8 -7 -7 -7 -7 -6 -6 -6 -6 -6 -5 -5 -5 -5 -5 -5 -4 -4 -4 -4 -3 -3 -3 -2 -1 ------- Run | Yrd Mat Min Exi Min Mat Gar Fac Low Low Dat Pro Fac Low Low Zio Pro Fac Ext Cet Arc Hub Fac Upp Upp War Pro Res Arm Res Acc Slots Evolved 18 | . . . . . 4 . 2 . . . . 2 . . . . 2 . . . . 2 . . . . 2 . 2 2 Power 1 | . . . . . . . . . . . . . . . . . . . . . . 1 . . . . . . . . Propulsion 11 | . . . . . 2 . . . . . . 2 . . . . 1 . . . . 1 . . . . 1 . 2 2 Utility 2 | . . . . . 1 . 1 . . . . . . . . . . . . . . . . . . . . . . . Weapon 4 | . . . . . 1 . 1 . . . . . . . . . 1 . . . . . . . . . 1 . . . Parts Attached 367 | 6 6 11 2 2 29 7 30 3 4 . 4 37 8 2 1 2 24 29 11 8 17 22 8 . 18 5 28 16 25 2 Power 37 | 1 1 2 . . 6 2 2 . . . . 3 . . . . 2 2 1 1 1 1 . . 4 . 2 3 3 . Engine 8 | 1 . 2 . . . 1 1 . . . . 3 . . . . . . . . . . . . . . . . . . Core 16 | . 1 . . . 6 1 1 . . . . . . . . . 2 2 1 . . 1 . . . . 1 . . . Reactor 13 | . . . . . . . . . . . . . . . . . . . . 1 1 . . . 4 . 1 3 3 . Propulsion 116 | 2 1 5 2 . 7 3 9 1 1 . 2 19 2 . . 1 13 16 5 . 3 2 . . 3 1 2 5 10 1 Treads 77 | 2 1 2 . . 4 3 9 1 1 . 2 14 2 . . . 2 13 5 . 3 2 . . 3 1 2 5 . . Leg 8 | . . . 2 . 3 . . . . . . . . . . 1 1 1 . . . . . . . . . . . . Wheel 20 | . . 3 . . . . . . . . . 5 . . . . 10 2 . . . . . . . . . . . . Hover 3 | . . . . . . . . . . . . . . . . . . . . . . . . . . . . . 3 . Flight 8 | . . . . . . . . . . . . . . . . . . . . . . . . . . . . . 7 1 Utility 94 | 1 2 1 . 1 7 1 9 2 2 . 2 9 4 1 . . 2 2 1 3 2 15 3 . 5 1 10 1 6 1 Device 56 | . 1 . . . 2 1 5 2 1 . 1 3 3 . . . 1 1 . 3 1 12 3 . 3 1 7 1 3 1 Storage 7 | 1 . 1 . . 1 . . . . . . 1 . . . . . . . . . 2 . . 1 . . . . . Processor 17 | . . . . 1 2 . 1 . 1 . . 2 1 . . . 1 . . . 1 1 . . 1 . 3 . 2 . Hackware 1 | . . . . . . . . . . . . . . . . . . . . . . . . . . . . . 1 . Protection 13 | . 1 . . . 2 . 3 . . . 1 3 . 1 . . . 1 1 . . . . . . . . . . . Artifact . | . . . . . . . . . . . . . . . . . . . . . . . . . . . . . . . Weapon 120 | 2 2 3 . 1 9 1 10 . 1 . . 6 2 1 1 1 7 9 4 4 11 4 5 . 6 3 14 7 6 . Energy Gun 11 | . . . . . 6 . 1 . . . . . . . . . . . 1 1 . . 2 . . . . . . . Energy Cannon 4 | . . . . . . . . . . . . . . . . . . . 1 . 1 . . . . . . 1 1 . Ballistic Gun 80 | 2 1 2 . 1 2 1 7 . . . . 4 1 1 . 1 7 8 1 3 10 2 1 . 3 3 13 6 . . Ballistic Cannon 8 | . 1 1 . . . . 1 . . . . . . . . . . . . . . 1 2 . 2 . . . . . Launcher 9 | . . . . . . . 1 . 1 . . 1 1 . . . . . 1 . . 1 . . . . 1 . 2 . Special Weapon 1 | . . . . . . . . . . . . . . . . . . 1 . . . . . . . . . . . . Impact Weapon 4 | . . . . . 1 . . . . . . 1 . . . . . . . . . . . . 1 . . . 1 . Slashing Weapon . | . . . . . . . . . . . . . . . . . . . . . . . . . . . . . . . Piercing Weapon 2 | . . . . . . . . . . . . . . . 1 . . . . . . . . . . . . . 1 . Special Melee Weapon 1 | . . . . . . . . . . . . . . . . . . . . . . . . . . . . . 1 . Unidentified Prototypes 33 | . . . . . 2 . 2 . . . . 1 1 . . . . . 4 . 4 3 . . 4 . 5 1 6 . Corrupted Parts 13 | . . . . . . . . . . . . . . . . . . . 2 . 5 . . . 3 3 . . . . System Corruption 86 | . . . . . . . . . . . . . . . . . . . 15 . 26 . . . 9 36 . . . . Parts Lost 98 | . . 5 . 1 3 . 12 . . . 3 12 . . . 4 11 3 . . . 9 6 . . . 4 24 1 . Power 8 | . . 1 . . 1 . 1 . . . . 2 . . . . . . . . . . 1 . . . . 2 . . Propulsion 33 | . . 2 . . . . 3 . . . 2 4 . . . 3 4 3 . . . 1 2 . . . . 8 1 . Utility 22 | . . . . 1 2 . 4 . . . 1 1 . . . . 1 . . . . 4 1 . . . 3 4 . . Weapon 35 | . . 2 . . . . 4 . . . . 5 . . . 1 6 . . . . 4 2 . . . 1 10 . . Highest Loss Streak 20 | . . 4 . 1 1 . 4 . . . 1 7 . . . 3 6 1 . . . 2 5 . . . 3 20 1 . To Critical Strikes 3 | . . . . . . . 1 . . . . . . . . . 1 . . . . . . . . . . 1 . . Average Backups 21 | 1 7 12 14 15 14 24 24 24 25 25 24 24 24 25 24 23 23 24 23 23 22 22 20 24 24 23 23 23 3 2 Power 2 | . 2 2 2 2 1 3 4 2 2 2 2 1 1 1 1 1 1 2 2 2 2 1 2 3 2 3 2 1 . . Propulsion 1 | . . 1 1 2 . 5 5 4 4 4 3 1 1 1 . . . . 2 2 2 2 . . . 1 1 1 . . Utility 9 | . . 5 6 6 5 5 7 9 10 10 9 10 11 12 12 12 10 10 8 8 9 10 13 14 14 12 11 12 . . Weapon 7 | . 3 3 5 5 6 8 7 8 8 8 8 9 10 10 10 9 9 9 9 9 7 6 3 5 6 5 6 7 1 2 Tool/Special . | . . . . . . . . . . . . . . . . . . . . . . . . . . . . . . . Unused Backups 109 | . 8 3 1 1 8 5 13 2 1 . . 13 3 . 2 . 2 6 3 1 2 7 . 2 6 1 9 9 1 . Power 23 | . 3 1 . . 1 . 4 1 . . . 2 . . . . . 2 2 . . . . 2 1 . 2 2 . . Propulsion 6 | . . . . 1 . 1 . . . . . 2 . . 1 . . . . . . . . . . . 1 . . . Utility 38 | . . 2 1 . 4 2 2 . 1 . . 3 1 . . . 1 . 1 . 1 6 . . 4 . 5 3 1 . Weapon 41 | . 5 . . . 3 2 7 1 . . . 5 2 . 1 . 1 4 . 1 1 1 . . 1 1 1 4 . . Tool/Special 1 | . . . . . . . . . . . . 1 . . . . . . . . . . . . . . . . . . Average Slot Usage (%) 90 | . 99 99 100 96 95 99 95 99 100 100 99 99 100 100 100 91 95 99 92 81 81 78 77 77 79 77 81 83 56 74 Engine 2 | . 5 10 14 14 2 4 3 . . . . 5 6 6 6 6 3 . . . . . . . . . . . . . Core 2 | . 8 2 . . 6 4 3 7 7 7 7 . . . . . 1 5 5 4 . 1 5 5 3 . . . . . Reactor 3 | . . . . . . . . . . . . . . . . . . . . . 5 8 5 5 6 10 8 8 4 4 Treads 27 | . 28 23 5 . 14 36 29 30 30 30 29 38 33 40 40 30 17 30 33 23 23 21 20 21 22 26 27 27 . . Wheel 1 | . . 4 5 . . . . . . . . 1 5 . . . 12 8 . . . . . . . . . . . . Device 8 | . 8 14 14 10 7 9 12 15 15 15 14 7 6 6 6 6 4 5 4 4 5 8 9 9 9 9 8 8 7 8 Storage 6 | . 14 14 14 14 9 9 7 7 7 7 7 6 6 6 6 6 5 5 5 5 5 5 5 5 5 5 4 3 . . Processor 4 | . . . . . 10 . . . . . . 6 6 6 6 6 10 11 11 11 11 6 5 5 5 5 3 4 4 4 Protection 2 | . 4 . . . . 8 8 6 7 7 6 4 6 6 6 6 . . . . . . . . . . . . . . Ballistic Gun 22 | . 19 14 14 14 11 23 23 29 29 30 30 25 20 21 20 23 27 28 27 28 28 25 19 15 15 11 21 27 . . Ballistic Cannon 1 | . 8 14 14 14 . . 2 . . . . . . . . . . . . . . . 5 7 5 5 3 . . . Peak Build Rating 182 | 6 11 12 29 32 49 37 53 53 50 50 54 54 57 57 58 58 73 82 114 125 136 154 144 141 162 159 179 182 140 151 Average Rating 89 | 5 9 10 21 30 37 33 45 50 49 50 52 50 53 56 57 56 66 70 96 118 127 145 133 135 137 155 169 171 94 144 On Entrance 72 | . 6 11 11 29 31 31 35 51 50 50 50 51 49 57 57 58 55 64 82 114 123 132 134 136 135 149 158 179 14 140 Avg Prop Armor Cover (%) 11 | . . 11 11 . . . . . . . . 24 3 . . 3 16 15 7 . 4 . 4 4 5 8 10 8 12 11 Naked Turns . | . . . . . . . . . . . . . . . . . . . . . . . . . . . . . . . Heaviest Build 189 | 13 16 31 31 33 99 104 118 115 114 114 116 119 120 119 119 119 121 118 125 126 129 152 147 147 189 167 178 173 53 56 Greatest Support 329 | 40 40 40 60 60 90 80 88 88 91 91 91 139 139 139 139 139 126 199 270 270 270 310 310 240 295 294 329 324 56 65 Greatest Overweight (x) 11 | . . 3 3 . 1 1 1 1 1 1 1 11 5 . . 1 11 4 . . . . . . . . . 1 . . Average Overweight (x) . | . . 1 . . . 1 1 1 1 1 1 1 . . . . 3 1 . . . . . . . . . . . . Largest Inventory Capacity 25 | 8 8 15 15 15 25 25 25 25 25 25 25 25 25 25 25 25 25 25 25 25 25 25 25 25 25 25 25 25 5 5 Average Capacity 23 | 7 8 14 15 15 15 25 25 25 25 25 25 25 25 25 25 25 25 25 25 25 25 25 25 25 25 25 25 24 5 5 Most Carried 25 | 2 8 15 15 15 18 25 25 25 25 25 25 25 25 25 25 25 25 25 25 25 25 25 24 25 25 25 25 25 5 3 Average Carried 22 | 1 7 13 14 14 14 24 24 24 25 25 24 24 24 25 24 24 24 24 24 25 24 24 20 24 24 24 24 24 4 2 Final Capacity 25 | 8 8 15 15 15 25 25 25 25 25 25 25 25 25 25 25 25 25 25 25 25 25 25 25 25 25 25 25 5 5 5 Final Carried 25 | 2 8 14 15 15 18 25 25 25 25 25 23 25 25 25 25 25 25 25 25 25 25 24 24 24 25 25 25 5 5 2 Class Distribution -------------------- 39% | Scavenger-Gunner 33% | Scavenger-Tank 12% | Scavenger-Executioner 7% | Mutant 3% | Scavenger-Mutant Dominant Class ---------------- Mutant | -10/Materials Mutant | -10/Mines Mutant | -10/Exiles Mutant | -9/Mines Scavenger-Gunner | -8/Materials Scavenger-Tank | -8/Garrison Scavenger-Tank | -7/Factory Scavenger-Tank | -7/Lower Caves Scavenger-Tank | -7/Lower Caves Scavenger-Tank | -7/Data Miner Scavenger-Tank | -6/Proximity Caves Scavenger-Gunner | -6/Factory Scavenger-Gunner | -6/Lower Caves Scavenger-Gunner | -6/Lower Caves Scavenger-Gunner | -6/Zion Scavenger-Gunner | -5/Proximity Caves Scavenger-Gunner | -5/Factory Scavenger-Gunner | -5/Extension Scavenger-Gunner | -5/Cetus Scavenger-Gunner | -5/Archives Scavenger-Gunner | -5/Hub_04(d) Scavenger-Tank | -4/Factory Scavenger-Tank | -4/Upper Caves Scavenger-Tank | -4/Upper Caves Scavenger-Tank | -4/Warlord Scavenger-Tank | -3/Proximity Caves Scavenger-Executioner | -3/Research Scavenger-Executioner | -3/Armory Scavenger-Sprinter | -2/Research Scavenger-Sprinter | -1/Access Resources | -11 -10 -10 -10 -9 -8 -8 -7 -7 -7 -7 -6 -6 -6 -6 -6 -5 -5 -5 -5 -5 -5 -4 -4 -4 -4 -3 -3 -3 -2 -1 ----------- Run | Yrd Mat Min Exi Min Mat Gar Fac Low Low Dat Pro Fac Low Low Zio Pro Fac Ext Cet Arc Hub Fac Upp Upp War Pro Res Arm Res Acc Matter Collected 30864 | 284 449 525 40 89 654 904 1603 196 190 . 275 3313 373 296 65 251 1058 2023 371 525 1832 6007 1191 266 359 406 3629 3358 312 20 Remotely 7462 | . . . . . . . 435 40 . . . 73 72 . . . . 178 . . 375 3483 . . . 55 876 1875 . . Salvage Created 32419 | 114 607 449 . 6 1289 870 1789 167 69 . 487 4087 193 283 . 257 1595 2814 419 510 1945 7289 1182 280 146 858 1486 2947 179 102 Parts 1508 | 6 40 25 . . 60 54 115 7 3 . 22 178 10 12 . 13 85 117 16 34 103 308 48 11 2 33 53 152 1 . Haulers Intercepted 25 | . 2 . . . 1 . 3 . . . . 3 . . . . 1 4 . . 3 3 . . . . 2 . 2 1 Recyclers Shooed 15 | . 2 . . . 1 . . . . . . 4 . . . . 3 3 . . . 2 . . . . . . . . Parts Field Recycled . | . . . . . . . . . . . . . . . . . . . . . . . . . . . . . . . Retrieved Matter . | . . . . . . . . . . . . . . . . . . . . . . . . . . . . . . . Parts Self-Destructed 126 | . . . . . . . . 7 . . 22 . 8 11 . 13 . . . . . . 53 6 . 6 . . . . Prevented 37 | . . . . . . . . . . . . . 3 . . . . . . . . . . 7 . 27 . . . . Parts Restored . | . . . . . . . . . . . . . . . . . . . . . . . . . . . . . . . Kills | -11 -10 -10 -10 -9 -8 -8 -7 -7 -7 -7 -6 -6 -6 -6 -6 -5 -5 -5 -5 -5 -5 -4 -4 -4 -4 -3 -3 -3 -2 -1 ------- Run | Yrd Mat Min Exi Min Mat Gar Fac Low Low Dat Pro Fac Low Low Zio Pro Fac Ext Cet Arc Hub Fac Upp Upp War Pro Res Arm Res Acc Combat Hostiles Destroyed 475 | . 15 12 . 2 18 19 27 3 1 . 8 62 6 11 . 6 22 33 4 2 23 87 24 4 2 10 31 43 . . Melee 1 | . 1 . . . . . . . . . . . . . . . . . . . . . . . . . . . . . Guns 378 | . 12 4 . . 18 19 25 3 1 . 8 54 . 4 . 6 14 33 1 2 20 83 14 1 1 2 17 36 . . Cannons 27 | . 2 8 . 2 . . 2 . . . . . . . . . . . . . . 1 2 2 1 1 6 . . . AOE 58 | . . . . . . . . . . . . 8 4 7 . . 8 . . . 3 3 8 . . 2 8 7 . . Classes Destroyed 30 | 2 4 1 . 1 5 1 3 . 1 . . 2 . 2 . 1 . 1 . 1 2 1 . . 1 . 1 . . . Worker 32 | . . 3 . . 2 . 3 . . . . 15 . . . . 2 4 . . . 3 . . . . . . . . Builder 23 | . . . . . . . 3 . . . . 7 . . . . 2 5 . . . 6 . . . . . . . . Tunneler 6 | 2 . . . . . . 2 . . . . . . . . . 1 1 . . . . . . . . . . . . Hauler 25 | . 2 . . . 1 . 3 . . . . 3 . . . . 1 4 . . 3 3 . . . . 2 . 2 1 Recycler 29 | 1 1 1 . . 3 . 2 . . . . 8 . . . . 5 2 . . 2 4 . . . . . . . . Minesweeper 3 | . . . . . . . . . . . . . . 1 . 1 . . . . . . . . . 1 . . . . Mechanic 8 | . . . . . 1 . 1 . . . . 2 . . . . . . . . . 3 . . . . . 1 . . Operator 10 | . . . . . . . . . . . . . . . . . . . . 9 1 . . . . . . . . . Drone 1 | . . . . . . . . . . . . . . . . 1 . . . . . . . . . . . . . . Watcher 17 | . 3 . . . . . 2 . . . . 3 . . . . . 1 2 . . 4 . . . . 1 1 . . Swarmer 96 | . 6 3 . . . 7 4 . . . . 14 4 7 . . 9 2 . . 3 4 9 . . . 16 8 . . Cutter 2 | . . . . . . 2 . . . . . . . . . . . . . . . . . . . . . . . . Saboteur 1 | . . . . . . . . . . . . . . . . . . . . . . 1 . . . . . . . . Grunt 144 | . 9 9 . . 12 3 10 3 . . 6 20 2 3 . 1 . 12 . . 3 29 6 . . 6 3 7 . . Brawler 11 | . . . . . 2 . . . . . . 1 . . . . . . . . 1 2 3 . . . . 2 . . Duelist 10 | . . . . . 2 . . . . . 1 . . . . . . 1 . . . 3 2 . . . . 1 . . Protector 5 | . . . . . . . . . . . . . . . . . . . . . 2 3 . . . . . . . . Sentry 58 | . . . . . 1 5 7 . . . 1 8 . 1 . . 2 10 . 2 4 8 2 . . . 1 6 . . Demolisher 3 | . . . . . . . . . . . . 2 . . . . . . . . . . . . . . 1 . . . Specialist 7 | . . . . . . . . . . . . . . . . . . . . . 1 4 . . . . . 2 . . Hunter 41 | . . . . . 1 2 1 . . . . . . . . 1 7 6 . . . 10 2 2 1 4 2 2 . . Programmer 60 | . . . . . . . 4 . . . . 10 . . . 3 4 . . . 5 20 . 2 . . 1 11 . . Heavy 5 | . . . . . . . 1 . . . . . . . . . . . . . 1 2 . . . . . 1 . . Behemoth 5 | . . . . . . . . . . . . . . . . . . 2 . . . 1 1 . . . . 1 . . Armor Guard 2 | . . . . . . . . . . . . . . . . . . . . . . . . . . . . 2 . . Cetus Guard 4 | . . . . . . . . . . . . . . . . . . . 4 . . . . . . . . . . . Lightning 3 | . . . . . . . . . . . . . . . . . . . . . 3 . . . . . . . . . Striker 5 | . . . . . . . . . . . . . . . . . . . . . . . . . 1 . 4 . . . Executioner 3 | . . . . . . . . . . . . . . . . . . . . . . . . . . . 3 . . . Decomposer 2 | . . . . . . . . . . . . . 2 . . . . . . . . . . . . . . . . . Samaritan 2 | . . . . . . . . . . . . . . 1 . . . . . . . . . 1 . . . . . . Assembled 9 | . . . . 2 . . . . . . . 7 . . . . . . . . . . . . . . . . . . Thug 1 | . . . . . . . . . . . . . . . . . . 1 . . . . . . . . . . . . Savage 1 | . . . . . . . . . . . . . . . . . . . 1 . . . . . . . . . . . Fireman 1 | . . . . . . . . . . . . 1 . . . . . . . . . . . . . . . . . . Mutant 1 | . . . . . . . . . 1 . . . . . . . . . . . . . . . . . . . . . Best Kill Streak 10 | 2 4 5 . 1 6 3 7 3 1 . 4 8 4 4 . 3 8 10 4 9 6 9 9 2 2 4 9 8 1 1 Combat Bots Only 9 | . 4 5 . 1 6 3 7 3 1 . 4 7 4 4 . 3 7 4 3 1 5 8 9 2 2 4 9 7 . . Max Kills in Single Turn 5 | 2 1 1 . 1 1 2 2 1 1 . 1 3 2 2 . 2 5 3 2 2 2 3 3 1 1 1 3 3 1 1 Gunslinging 1 | . . . . . . 1 1 . . . . 1 . . . 1 . 1 . . 1 1 1 . . . 1 1 . . Exploded 5 | . . . . . . . . . . . . 3 2 2 . . 5 . . . 2 3 3 . . 1 3 3 . . Melee 1 | . 1 . . . . . . . . . . . . . . . . . . . . . . . . . . . . . Uniques/NPCs Destroyed . | . . . . . . . . . . . . . . . . . . . . . . . . . . . . . . . Combat | -11 -10 -10 -10 -9 -8 -8 -7 -7 -7 -7 -6 -6 -6 -6 -6 -5 -5 -5 -5 -5 -5 -4 -4 -4 -4 -3 -3 -3 -2 -1 -------- Run | Yrd Mat Min Exi Min Mat Gar Fac Low Low Dat Pro Fac Low Low Zio Pro Fac Ext Cet Arc Hub Fac Upp Upp War Pro Res Arm Res Acc Hostile Shots Fired 2576 | . 83 92 . 6 43 81 235 12 6 . 83 364 9 18 . 32 125 100 14 2 40 410 76 28 24 38 198 444 9 4 Missed 726 | . 24 31 . . 13 25 73 3 1 . 21 119 4 5 . 14 37 39 7 . 7 104 19 6 8 15 36 110 3 2 Hits 1850 | . 59 61 . 6 30 56 162 9 5 . 62 245 5 13 . 18 88 61 7 2 33 306 57 22 16 23 162 334 6 2 Melee 78 | . . . . 3 3 3 8 . . . 2 3 . . . . . . . . . 5 5 . 2 . 12 32 . . Projectile 1772 | . 59 61 . 3 27 53 154 9 5 . 60 242 5 13 . 18 88 61 7 2 33 301 52 22 14 23 150 302 6 2 AOE 18 | . . . . . . 2 3 . . . . 10 . . . . . . . . . 1 . . . . 2 . . . Critical Strikes 86 | . . 2 . . 2 1 7 1 . . 2 4 . . . . 6 4 3 . 1 18 1 1 . 2 8 23 . . Actively Blocked 1 | . . . . . . . . . . . . . . . . . . . . . . 1 . . . . . . . . Part Disruptions 2 | . . . . . . . . . . . . . . . . . . . . . . 1 . 1 . . . . . . Damage Taken 30819 | . 559 683 . 128 522 807 2461 152 70 . 692 3272 71 164 . 334 1592 1124 148 48 687 5063 962 296 210 419 3697 6432 176 50 Core 2247 | . 72 119 . . 103 42 204 . . . 59 138 13 15 . . . 64 . . 35 107 125 14 9 . 376 752 . . Absorbed by Shields 3547 | . . . . . . . . . . . . . . . . . . 115 55 . . 164 256 . 140 . 1000 1817 . . Reduced by Siege Mode 2142 | . . . . . . . . . . . . . . . . . . . . . 64 990 106 13 . 26 382 561 . . Redirected to Shielding 37 | . 37 . . . . . . . . . . . . . . . . . . . . . . . . . . . . . Ignored by Resistances 1076 | . . . . . . . . . . . . . . . . . . . . . 92 614 . 171 . . . 199 . . Regen/Repaired (Parts) 1948 | . . . . . . . 180 . . . . 126 . . . . . . . . . 667 . . 499 . 476 . . . Core Remaining (%) 71 | 100 . . . 23 . 73 . . . . 62 . . . . 80 . . . . 90 . . . . 77 . 13 100 100 Volleys Fired 1217 | 6 74 40 . 9 49 74 82 6 5 . 20 158 13 13 . 11 43 81 9 28 54 180 56 12 6 22 56 96 14 . Largest 6 | 2 2 2 . 2 3 3 4 4 4 . 4 4 4 4 . 4 5 5 5 5 5 5 5 5 5 4 6 6 1 . Hottest 230 | 40 50 50 . 58 195 80 166 112 112 . 112 112 106 117 . 122 160 150 150 230 169 189 204 204 183 174 215 217 120 . Shots Fired 4457 | 12 147 80 . 18 147 169 298 24 14 . 80 601 19 36 . 44 191 384 39 88 246 821 161 37 25 35 253 474 14 . Gun 4165 | 12 117 40 . 9 147 169 273 24 13 . 80 592 8 31 . 44 188 384 35 88 243 809 122 19 24 12 217 465 . . Cannon 204 | . 30 40 . 9 . . 23 . . . . . . . . . . . . . . 7 33 14 1 5 28 . 14 . Launcher 88 | . . . . . . . 2 . 1 . . 9 11 5 . . 3 . 4 . 3 5 6 4 . 18 8 9 . . Special . | . . . . . . . . . . . . . . . . . . . . . . . . . . . . . . . Kinetic 4271 | 12 147 80 . 18 85 169 275 24 13 . 80 592 8 31 . 44 188 384 35 87 243 816 155 33 25 17 245 465 . . Thermal 98 | . . . . . 62 . 21 . . . . . . . . . . . . 1 . . . . . . . . 14 . Explosive 45 | . . . . . . . . . 1 . . 9 4 5 . . 3 . . . 3 1 5 . . . 7 7 . . Electromagnetic 43 | . . . . . . . 2 . . . . . 7 . . . . . 4 . . 4 1 4 . 18 1 2 . . Robot Hit Streak 51 | 5 10 11 . 3 22 10 20 13 8 . 36 23 5 24 . 12 20 33 8 24 34 45 31 15 7 10 47 51 5 . Robot Miss Streak 13 | 2 13 2 . 2 3 6 5 2 1 . 3 5 1 4 . 4 6 3 6 4 2 3 3 2 3 1 3 6 2 . Penetration Max 2 | . . . . . . 1 1 . . . . . . . . . 1 1 1 1 1 2 . . . . 1 1 . . Secondary Targets 80 | . 4 . . . . 4 6 2 . . 2 9 . . . 3 3 4 . . 5 17 6 . . . 6 9 . . Max Gunslinging Chain 2 | . 1 . . . . 1 1 1 . . 1 1 . . . 2 1 1 . . 1 2 2 . . . 1 1 . . Shots Hit Robots 2993 | 7 78 56 . 10 104 102 191 19 8 . 65 427 5 28 . 31 121 245 30 51 175 560 112 16 17 21 187 313 13 1 Core Hits 1776 | 4 37 21 . 4 49 33 86 7 3 . 25 344 13 51 . 34 101 191 22 29 72 295 63 11 5 25 82 168 1 . Critical Kills 48 | . . . . . . 4 1 . . . . 2 . . . . 2 4 . 1 4 19 4 . 1 . 4 2 . . Critical Parts Destroyed 43 | . . . . . . 5 5 . . . . 1 . . . . . 1 1 . 2 14 2 . . . 4 8 . . Critical Strikes 110 | . . 4 . . 2 11 8 . . . . 3 . . . . 2 7 1 1 6 35 7 . 1 . 11 11 . . Burn 3 | . . . . . 2 . 1 . . . . . . . . . . . . . . . . . . . . . . . Destroy 94 | . . . . . . 6 6 . . . . 3 . . . . 2 7 1 1 6 34 6 . 1 . 10 11 . . Blast 8 | . . 4 . . . . 1 . . . . . . . . . . . . . . 1 1 . . . 1 . . . Smash 5 | . . . . . . 5 . . . . . . . . . . . . . . . . . . . . . . . . Melee Attacks 46 | . . . . . 2 22 . . . . . . . . 1 . 2 . . . 1 . . . 9 . . . 5 4 Impact 36 | . . . . . 2 22 . . . . . . . . . . . . . . . . . . 9 . . . 2 1 Slashing . | . . . . . . . . . . . . . . . . . . . . . . . . . . . . . . . Piercing 7 | . . . . . . . . . . . . . . . 1 . 2 . . . 1 . . . . . . . . 3 Sneak Attacks 4 | . . . . . . . . . . . . . . . . . . . . . . . . . . . . . 4 . Combat Hostiles . | . . . . . . . . . . . . . . . . . . . . . . . . . . . . . . . Follow-up Attacks . | . . . . . . . . . . . . . . . . . . . . . . . . . . . . . . . Damage Inflicted 80056 | 85 942 827 . 164 1703 2244 4464 355 154 . 1282 9339 748 1050 . 595 3283 5950 1258 1383 4635 16838 3517 766 254 1396 6604 9695 444 81 Guns 64992 | 85 652 301 . 35 1703 1459 3571 355 154 . 1282 8441 40 531 . 595 2458 5950 784 1383 4295 15716 2190 305 208 219 4140 8140 . . Cannons 4485 | . 290 526 . 129 . . 606 . . . . . . . . . . . . . . 222 484 259 33 168 1386 . 382 . Explosions 9606 | . . . . . . . 283 . . . . 870 708 519 . . 825 . 474 . 340 900 843 202 . 1009 1078 1555 . . Melee 928 | . . . . . . 785 . . . . . . . . . . . . . . . . . . . . . . 62 81 Ramming 45 | . . . . . . . 4 . . . . 28 . . . . . . . . . . . . 13 . . . . . Kinetic 68071 | 85 942 827 . 164 932 1459 3924 355 154 . 1282 8441 40 531 . 595 2458 5950 784 1383 4295 15938 2674 564 241 387 5526 8140 . . Thermal 1911 | . . . . . 771 . 253 . . . . . . . . . . . . . . 505 . . . . . . 382 . Explosive 6039 | . . . . . . . . . . . . 870 470 519 . . 825 . . . 340 . 840 . . . 1078 1097 . . Electromagnetic 3062 | . . . . . . . 283 . . . . . 238 . . . . . 474 . . 395 3 202 . 1009 . 458 . . Impact 928 | . . . . . . 785 . . . . . . . . . . . . . . . . . . . . . . 62 81 Slashing . | . . . . . . . . . . . . . . . . . . . . . . . . . . . . . . . Piercing . | . . . . . . . . . . . . . . . . . . . . . . . . . . . . . . . Highest Corruption 36 | . . . . 3 8 8 2 2 2 2 2 1 . . . . 1 1 16 16 27 7 1 1 4 36 3 15 . . Average Corruption 2 | . . . . 3 4 8 1 2 2 2 2 1 . . . . 1 1 3 12 2 4 1 1 2 33 2 1 . . Corruption Purged 27 | . . . . . . . . . . . . 1 . . . . . . . 16 . 7 . . . . 3 . . . Corruption Blocked . | . . . . . . . . . . . . . . . . . . . . . . . . . . . . . . . Effects 315 | . . . . 3 15 86 28 9 20 1 9 2 . . . . 2 24 10 19 4 6 18 9 . 1 33 16 . . Message Errors 72 | . . . . 1 2 20 4 3 4 . 3 1 . . . . 1 2 4 5 1 1 6 3 . . 8 3 . . Matter Fused 75 | . . . . 1 2 21 7 2 6 . 2 . . . . . 1 7 2 7 1 1 5 2 . . 6 2 . . Heat Flow Errors 32 | . . . . . 3 10 3 . 3 . 2 . . . . . . 3 . . . . 2 2 . . 3 1 . . Energy Discharges 46 | . . . . 1 4 16 5 1 1 . 2 . . . . . . 5 . 3 . 3 1 . . . 3 1 . . Parts Fused 7 | . . . . . . . 2 1 . . . . . . . . . 1 . . . . 1 . . . 2 . . . Data Loss (minor) 43 | . . . . . 2 12 4 1 5 1 . . . . . . . . 2 2 2 . 3 1 . . 4 4 . . Data Loss (major) 12 | . . . . . . 1 1 1 1 . . . . . . . . 3 1 . . . . 1 . . 2 1 . . Misfires 6 | . . . . . 1 1 . . . . . . . . . . . 2 . . . 1 . . . 1 . . . . Alerts 8 | . . . . . . 3 . . . . . 1 . . . . . 1 1 . . . . . . . 1 1 . . Weapon Failures 14 | . . . . . 1 2 2 . . . . . . . . . . . . 2 . . . . . . 4 3 . . Overload Shots . | . . . . . . . . . . . . . . . . . . . . . . . . . . . . . . . Overflow Damage 787 | . . . . . . 199 . . . . . . 8 . . . 9 . 16 . 16 2 82 42 . 53 192 37 74 57 Projectiles 298 | . . . . . . . . . . . . . . . . . . . . . . . . 42 . 53 171 . 32 . Explosions 191 | . . . . . . . . . . . . . 8 . . . 9 . 16 . 16 2 82 . . . 21 37 . . Melee 298 | . . . . . . 199 . . . . . . . . . . . . . . . . . . . . . . 42 57 Knockbacks 27 | . 6 5 . 3 . . 3 . . . . . . . . . . . . . . . 2 3 . . 5 . . . Impact . | . . . . . . . . . . . . . . . . . . . . . . . . . . . . . . . Kinetic 26 | . 6 5 . 3 . . 3 . . . . . . . . . . . . . . . 2 3 . . 4 . . . Secondary 1 | . . . . . . . . . . . . . . . . . . . . . . . . . . . 1 . . . Self-Inflicted Damage 330 | . . . . . . . 2 . . . . 82 . . . . 19 . . . . 8 17 . . . . 202 . . Shots 13 | . . . . . . . 1 . . . . 2 . . . . 1 . . . . 1 1 . . . . 7 . . Rammed 7 | . 1 . . . . . 2 . . . . 3 . . . . . . . . . . . . 1 . . . . . Targets Rammed 8 | . 2 . . . . . 2 . . . . 3 . . . . . . . . . . . . 1 . . . . . Kicked . | . . . . . . . . . . . . . . . . . . . . . . . . . . . . . . . Crushed 1 | . 1 . . . . . . . . . . . . . . . . . . . . . . . . . . . . . Highest Temperature 444 | . 18 8 . . 272 233 290 57 157 . 244 33 112 59 . . 63 135 . 51 194 444 204 165 52 . 227 252 150 7 Average Temperature 44 | . 8 3 . . 77 39 62 28 86 . 80 6 53 18 . . 27 40 . 34 56 44 26 37 23 . 23 54 35 1 Received Heat Transfer 5020 | . 141 357 . . 234 171 627 99 . . 237 645 9 27 . 36 45 119 18 9 42 761 176 . 14 54 4 1177 18 . Effects 7 | . . . . . . . . . . . . . . . . . . . . . . 6 . . . . . 1 . . Shutdowns 1 | . . . . . . . . . . . . . . . . . . . . . . 1 . . . . . . . . Energy Bleed 1 | . . . . . . . . . . . . . . . . . . . . . . . . . . . . 1 . . Interference 3 | . . . . . . . . . . . . . . . . . . . . . . 3 . . . . . . . . Damage (major) 2 | . . . . . . . . . . . . . . . . . . . . . . 2 . . . . . . . . Siege Activations 75 | . . . . . . . . . . . . . . . . . . . . 1 11 25 6 2 . 5 9 16 . . Total Turns 2788 | . . . . . . . . . . . . . . . . . . . . 20 232 1702 157 27 . 171 181 298 . . Longest Duration 1263 | . . . . . . . . . . . . . . . . . . . . 20 97 1263 50 14 . 75 40 82 . . Martial Activations . | . . . . . . . . . . . . . . . . . . . . . . . . . . . . . . . Shielding Activations . | . . . . . . . . . . . . . . . . . . . . . . . . . . . . . . . Robots Disrupted 2 | . . . . . . . . . . . . . 1 . . . . . . . . . . . . 1 . . . . Combat Hostiles 2 | . . . . . . . . . . . . . 1 . . . . . . . . . . . . 1 . . . . Robots Corrupted 15 | . . . . . . 2 . . . . . . 2 . . . . . 4 . . . . 1 . 5 . . . 1 Combat Hostiles 11 | . . . . . . . . . . . . . 2 . . . . . 3 . . . . 1 . 5 . . . . Parts Fried 21 | . . . . . . . . . . . . . 1 . . . . 3 4 . . 1 . 2 . 8 . . 1 1 Impact Corruptions 5 | . . . . . . 3 . . . . . . . . . . . . . . . . . . . . . . 1 1 Robots Melted . | . . . . . . . . . . . . . . . . . . . . . . . . . . . . . . . Combat Hostiles . | . . . . . . . . . . . . . . . . . . . . . . . . . . . . . . . Parts Melted 7 | . . . . . 4 . . . . . . . . . . . . . . . . 2 . . . . . . 1 . Heat Transferred 3273 | . . . . . 1961 . 629 . . . . . . . . . . . . . . 350 . . . . . . 333 . Parts Sabotaged 8 | . . . . . . . . . . . . 2 . . . . . . . . . 4 . . 2 . . . . . Parts Stolen . | . . . . . . . . . . . . . . . . . . . . . . . . . . . . . . . Parts Stripped . | . . . . . . . . . . . . . . . . . . . . . . . . . . . . . . . Power Chain Reactions 4 | . . . . . . . . . . . . . . . . . . . . . . 4 . . . . . . . . Alert | -11 -10 -10 -10 -9 -8 -8 -7 -7 -7 -7 -6 -6 -6 -6 -6 -5 -5 -5 -5 -5 -5 -4 -4 -4 -4 -3 -3 -3 -2 -1 ------- Run | Yrd Mat Min Exi Min Mat Gar Fac Low Low Dat Pro Fac Low Low Zio Pro Fac Ext Cet Arc Hub Fac Upp Upp War Pro Res Arm Res Acc Maximum Alert Level 5 | . . . . . 1 4 3 . . . . 4 . . . . 2 4 2 2 4 5 . . . . 1 4 2 1 Low Security (%) 29 | 100 100 100 . 100 92 6 . . . . . 48 . . . . 7 34 . . 13 . . . . . 48 7 . . Level 1 19 | . . . . . 7 13 . . . . . 13 . . . . 42 54 . 68 11 1 . . . . 51 31 8 100 Level 2 18 | . . . . . . 32 . . . . . 7 . . . . 49 6 100 31 7 37 . . . . . 14 91 . Level 3 19 | . . . . . . 26 99 . . . . 15 . . . . . 3 . . 15 25 . . . . . 42 . . Level 4 9 | . . . . . . 20 . . . . . 15 . . . . . 1 . . 52 15 . . . . . 4 . . Level 5 2 | . . . . . . . . . . . . . . . . . . . . . . 17 . . . . . . . . High Security . | . . . . . . . . . . . . . . . . . . . . . . 2 . . . . . . . . Max Security . | . . . . . . . . . . . . . . . . . . . . . . . . . . . . . . . Peak Influence 2310 | 10 90 80 . . 234 1418 942 . . . . 1301 . . . . 454 1144 681 447 1266 2310 . . . . 383 1135 566 341 Initial 744 | . . 5 . . . 146 744 . . . . 43 . . . . 300 202 639 242 98 543 . . . . 63 186 526 295 Average 530 | . 30 14 . . 58 715 799 . . . . 453 . . . . 343 275 623 366 864 1033 . . . . 204 625 471 316 Influence Increases 19201 | 15 426 325 . . 572 1272 1005 70 . . 225 1907 130 275 . 145 1070 1816 324 321 1955 3007 527 100 85 295 987 1879 362 106 Destroy 0b10 Robot/C 10260 | . 300 240 . . 360 400 540 60 . . 160 1100 120 220 . 100 440 960 160 80 760 1780 480 80 40 200 620 1060 . . Destroy 0b10 Robot/NC 840 | 15 30 20 . . 35 15 80 . . . . 190 . 5 . 15 55 105 10 45 45 130 . . . 5 15 10 10 5 Destroy Leader 2052 | . 80 50 . . 82 30 150 10 . . 20 312 10 20 . 30 112 122 . . 186 404 40 20 . 30 116 222 4 2 Allied During Kill 1460 | . . . . . . 6 2 . . . . . . . . . . 477 128 125 585 20 7 . . . . 110 . . Successful Hack 429 | . 15 . . . 60 21 64 . . . . 68 . . . . 18 5 . . 32 34 . . . . 64 . . 48 Disable Machine 900 | . . 15 . . . 15 105 . . . . 45 . . . . 75 45 . 45 165 165 . . . . 30 165 . 30 Anti-Garrison Action 700 | . . . . . . 700 . . . . . . . . . . . . . . . . . . . . . . . . Destroy Structure 1300 | . 1 . . . 5 55 64 . . . . 57 . . . . 70 42 26 26 182 384 . . . . 142 222 18 6 Advance Influence 300 | . . . . . . . . . . . . . . . . . 300 . . . . . . . . . . . . . Partial Spotted 75 | . . . . . 15 15 . . . . . . . . . . . . . . . . . . . . . . 30 15 Lose Combat Pursuer 885 | . . . . . 15 15 . . . . 45 135 . 30 . . . 60 . . . 90 . . 45 60 . 90 300 . Influence Decreases 18870 | 15 412 339 . . 347 79 1620 678 195 . 156 675 952 606 148 145 656 1088 861 645 1125 1818 1538 571 903 200 727 1231 873 267 Entered New Map 6464 | . . 9 . . . 79 674 298 38 . . 26 482 92 148 . . 212 503 363 183 568 851 245 818 . 32 169 477 197 Time Decay 9811 | 15 412 295 . . 257 . 636 380 157 . 136 564 470 514 . 120 446 626 238 262 562 770 607 326 85 200 655 622 386 70 Search Patrol Dispatched 100 | . . . . . . . . . . . . . . . . . 100 . . . . . . . . . . . . . Lost Part 872 | . . 20 . . 22 . 120 . . . 20 85 . . . 25 110 30 . . . 90 60 . . . 40 240 10 . Lost Ally 805 | . . 15 . . . . 40 . . . . . . . . . . 220 120 20 80 90 20 . . . . 200 . . Purge Threat 818 | . . . . . 68 . 150 . . . . . . . . . . . . . 300 300 . . . . . . . . Squads Dispatched 126 | . 4 . . . 4 . 12 . . . . 24 . . . . 8 5 . . 12 39 . . . . 5 11 . 2 Investigation 15 | . 2 . . . 1 . 1 . . . . 4 . . . . . 1 . . 1 2 . . . . 2 1 . . Extermination 33 | . . . . . . . 5 . . . . 10 . . . . 1 . . . 3 9 . . . . . 4 . 1 Reinforcement 32 | . 2 . . . 1 . 2 . . . . 3 . . . . 4 4 . . 2 8 . . . . 3 2 . 1 Assault 24 | . . . . . . . 1 . . . . 3 . . . . . . . . 2 14 . . . . . 4 . . Garrison 22 | . . . . . 2 . 3 . . . . 4 . . . . 3 . . . 4 6 . . . . . . . . Intercept . | . . . . . . . . . . . . . . . . . . . . . . . . . . . . . . . Searches Triggered 1 | . . . . . . . . . . . . . . . . . 1 . . . . . . . . . . . . . Data Miner Redirects 11 | . . . . . . . . . . . . 2 . . . . . . . . . 7 . . . . . 2 . . Construction Impeded 4 | . . . . . . . . . . . . . . . . . . 3 . . . 1 . . . . . . . . Haulers Reinforced 8 | . . . . . . . 1 . . . . 2 . . . . 1 . . . 1 1 . . . . 1 . . 1 Active Scanning Responses . | . . . . . . . . . . . . . . . . . . . . . . . . . . . . . . . Cargo Convoy Interrupts 1 | . . . . . . . . . . . . . . . . . . . . . . 1 . . . . . . . . Stealth | -11 -10 -10 -10 -9 -8 -8 -7 -7 -7 -7 -6 -6 -6 -6 -6 -5 -5 -5 -5 -5 -5 -4 -4 -4 -4 -3 -3 -3 -2 -1 --------- Run | Yrd Mat Min Exi Min Mat Gar Fac Low Low Dat Pro Fac Low Low Zio Pro Fac Ext Cet Arc Hub Fac Upp Upp War Pro Res Arm Res Acc Distress Signals 33 | . 1 . . . 3 . 2 . . . . . . . . 1 1 2 2 . 1 . . . . . 6 2 10 2 Communications Jammed . | . . . . . . . . . . . . . . . . . . . . . . . . . . . . . . . Distress Signals . | . . . . . . . . . . . . . . . . . . . . . . . . . . . . . . . Times Spotted 731 | . 20 11 . 4 21 24 36 3 1 . 10 87 2 10 . 9 27 53 10 10 44 110 26 4 32 11 41 81 36 8 Peak Tracking Total 16 | . 4 5 . 3 5 4 5 3 1 . 4 6 4 3 . 4 7 11 5 1 6 7 9 2 16 5 7 12 8 5 Tactical Retreats 38 | . . . . 1 1 1 . . . . 2 9 . 2 . . . 2 . . . 6 . . 3 1 . 3 7 . Traps | -11 -10 -10 -10 -9 -8 -8 -7 -7 -7 -7 -6 -6 -6 -6 -6 -5 -5 -5 -5 -5 -5 -4 -4 -4 -4 -3 -3 -3 -2 -1 ------- Run | Yrd Mat Min Exi Min Mat Gar Fac Low Low Dat Pro Fac Low Low Zio Pro Fac Ext Cet Arc Hub Fac Upp Upp War Pro Res Arm Res Acc Traps Triggered 25 | . 2 . . . 3 7 . . . . . 1 . . . . 1 3 . . 1 3 . . . . 3 1 . . Indirectly 2 | . . . . . . . . . . . . . . . . . . . . . . . . . . . 2 . . . Trap Hack Attempts . | . . . . . . . . . . . . . . . . . . . . . . . . . . . . . . . Triggered . | . . . . . . . . . . . . . . . . . . . . . . . . . . . . . . . Disarmed . | . . . . . . . . . . . . . . . . . . . . . . . . . . . . . . . Reprogrammed . | . . . . . . . . . . . . . . . . . . . . . . . . . . . . . . . Reused . | . . . . . . . . . . . . . . . . . . . . . . . . . . . . . . . Traps Extracted . | . . . . . . . . . . . . . . . . . . . . . . . . . . . . . . . Installed . | . . . . . . . . . . . . . . . . . . . . . . . . . . . . . . . Triggered . | . . . . . . . . . . . . . . . . . . . . . . . . . . . . . . . Machines | -11 -10 -10 -10 -9 -8 -8 -7 -7 -7 -7 -6 -6 -6 -6 -6 -5 -5 -5 -5 -5 -5 -4 -4 -4 -4 -3 -3 -3 -2 -1 ---------- Run | Yrd Mat Min Exi Min Mat Gar Fac Low Low Dat Pro Fac Low Low Zio Pro Fac Ext Cet Arc Hub Fac Upp Upp War Pro Res Arm Res Acc Machines Disabled 67 | . 1 1 . . . 4 7 . 1 . . 3 . . . . 5 5 . 3 11 11 . . . . 2 11 . 2 Max in Single Turn 4 | . 1 . . . . 1 2 . 1 . . 1 . . . . 1 1 . 1 2 3 . . . . 1 4 . 1 Garrison Access 6 | . . . . . . . 1 . . . . . . . . . . . . . 1 . . . . . 2 . 2 . Garrison Relay 2 | . . . . . . 2 . . . . . . . . . . . . . . . . . . . . . . . . Network Hub 2 | . . . . . . . . . . . . . . . . . . . . . 2 . . . . . . . . . Machines Repaired . | . . . . . . . . . . . . . . . . . . . . . . . . . . . . . . . Machines Dismantled 5 | . . . . . . . . . . . . . . . . . . 1 . . 2 . . . . . . . . 2 Machines Sabotaged . | . . . . . . . . . . . . . . . . . . . . . . . . . . . . . . . Overloaded Fab Kills . | . . . . . . . . . . . . . . . . . . . . . . . . . . . . . . . Hacking | -11 -10 -10 -10 -9 -8 -8 -7 -7 -7 -7 -6 -6 -6 -6 -6 -5 -5 -5 -5 -5 -5 -4 -4 -4 -4 -3 -3 -3 -2 -1 --------- Run | Yrd Mat Min Exi Min Mat Gar Fac Low Low Dat Pro Fac Low Low Zio Pro Fac Ext Cet Arc Hub Fac Upp Upp War Pro Res Arm Res Acc Machines Accessed 99 | . 9 . 2 . 10 4 7 2 1 3 . 18 1 . . . 4 4 . . 5 12 1 . . . 8 5 1 2 Terminals 51 | . 7 . . . 6 4 4 . . . . 9 . . . . 2 4 . . 4 7 . . . . 1 3 . . Fabricators 3 | . . . . . . . . . . . . 1 . . . . . . . . . 1 . . . . . 1 . . Repair Stations 6 | . . . . . 1 . 1 . . . . 1 . . . . . . . . . 2 . . . . 1 . . . Recycling Units 14 | . 2 . . . 1 . . . . . . 4 . . . . 2 . . . . 1 . . . . 3 1 . . Scanalyzers 5 | . . . . . 1 . 1 . . . . 1 . . . . . . . . . . . . . . 1 . . 1 Garrison Access 10 | . . . . . 1 . 1 . . . . 2 . . . . . . . . 1 1 . . . . 2 . 1 1 Total Hacks 305 | . 24 . 2 . 29 7 20 4 7 24 . 53 1 . . . 8 11 . . 19 52 1 . . . 23 9 4 7 Successful 146 | . 11 . 2 . 13 2 12 4 7 24 . 24 1 . . . 4 2 . . 9 16 1 . . . 9 2 1 2 Failed 158 | . 13 . . . 16 5 8 . . . . 28 . . . . 4 9 . . 10 36 . . . . 14 7 3 5 Catastrophic 38 | . 2 . . . . 1 3 . . . . 9 . . . . 2 1 . . 1 7 . . . . 6 3 1 2 Database Lockouts 1 | . . . . . . . . . . . . 1 . . . . . . . . . . . . . . . . . . Manual 137 | . 22 . 1 . 15 . 10 . . . . 21 . . . . 1 8 1 . 14 32 . . 1 . 6 5 . . Terminals 166 | . 22 . . . 22 7 12 . . . . 27 . . . . 5 11 . . 17 32 . . . . 5 6 . . Fabricators 15 | . . . . . . . . . . . . 5 . . . . . . . . . 9 . . . . . 1 . . Repair Stations 15 | . . . . . 2 . 4 . . . . 1 . . . . . . . . . 7 . . . . 1 . . . Recycling Units 25 | . 2 . . . 1 . . . . . . 10 . . . . 3 . . . . 1 . . . . 6 2 . . Scanalyzers 19 | . . . . . 3 . 2 . . . . 5 . . . . . . . . . . . . . . 5 . . 4 Garrison Access 26 | . . . . . 1 . 2 . . . . 5 . . . . . . . . 2 3 . . . . 6 . 4 3 Terminal Hacks 80 | . . . 2 . 3 2 6 4 7 24 . 10 1 . . . 2 1 . . 6 9 1 . . . 1 1 . . Record 17 | . . . 1 . . . . 3 7 6 . . . . . . . . . . . . . . . . . . . . Part Schematic 8 | . . . . . . . . . . 8 . . . . . . . . . . . . . . . . . . . . Robot Schematic 7 | . . . . . . . . . . 7 . . . . . . . . . . . . . . . . . . . . Prototype ID Bank 4 | . . . . . . . . . . 3 . 1 . . . . . . . . . . . . . . . . . . Open Door 5 | . . . . . . 1 . 1 . . . . 1 . . . 1 . . . . . 1 . . . . . . . Branch Access Points 4 | . . . . . 1 . 1 . . . . 1 . . . . . . . . . 1 . . . . . . . . Emergency Access Points 1 | . . . . . . 1 . . . . . . . . . . . . . . . . . . . . . . . . Terminal Index 4 | . . . . . . . . . . . . 1 . . . . 1 . . . 1 1 . . . . . . . . Scanalyzer Index 1 | . . . . . . . . . . . . 1 . . . . . . . . . . . . . . . . . . Alert Level 7 | . . . . . . . 1 . . . . 1 . . . . . 1 . . 1 2 . . . . . 1 . . Unreport Threat 6 | . . . . . 1 . 1 . . . . . . . . . . . . . 2 2 . . . . . . . . Locate Traps 9 | . . . . . 1 . 2 . . . . 3 . . . . . . . . . 2 . . . . 1 . . . Zone Layout 6 | . . . . . . . 1 . . . . 2 . . . . . . . . 2 1 . . . . . . . . Proto ID Catalog 1 | . . . 1 . . . . . . . . . . . . . . . . . . . . . . . . . . . Fabricator Hacks 2 | . . . . . . . . . . . . 1 . . . . . . . . . 1 . . . . . . . . Network Status 2 | . . . . . . . . . . . . 1 . . . . . . . . . 1 . . . . . . . . Repair Station Hacks 6 | . . . . . 1 . 3 . . . . . . . . . . . . . . 2 . . . . . . . . Scan Component 4 | . . . . . 1 . 2 . . . . . . . . . . . . . . 1 . . . . . . . . Repair 2 | . . . . . . . 1 . . . . . . . . . . . . . . 1 . . . . . . . . Recycling Unit Hacks 10 | . 2 . . . 1 . . . . . . 3 . . . . 2 . . . . . . . . . 1 1 . . Retrieve Components 10 | . 2 . . . 1 . . . . . . 3 . . . . 2 . . . . . . . . . 1 1 . . Scanalyzer 10 | . . . . . 1 . 1 . . . . 4 . . . . . . . . . . . . . . 2 . . 2 Retrieve Study 10 | . . . . . 1 . 1 . . . . 4 . . . . . . . . . . . . . . 2 . . 2 Garrison Access Hacks 6 | . . . . . 1 . 1 . . . . . . . . . . . . . 1 . . . . . 2 . 1 . Unlock Access 1 | . . . . . 1 . . . . . . . . . . . . . . . . . . . . . . . . . Seal Access 5 | . . . . . . . 1 . . . . . . . . . . . . . 1 . . . . . 2 . 1 . Unauthorized Hacks 32 | . 9 . . . 6 . 1 . . . . 6 . . . . . 1 . . 2 4 . . . . 3 . . . Terminals 26 | . 9 . . . 6 . 1 . . . . 3 . . . . . 1 . . 2 2 . . . . 2 . . . Botnet 18 | . 4 . . . 4 . 1 . . . . 3 . . . . . 1 . . 2 2 . . . . 1 . . . Operators 2 | . 1 . . . . . . . . . . . . . . . . . . . . . . . . . 1 . . . Skim 6 | . 4 . . . 2 . . . . . . . . . . . . . . . . . . . . . . . . . Fabricators 3 | . . . . . . . . . . . . 2 . . . . . . . . . 1 . . . . . . . . Liberate 2 | . . . . . . . . . . . . 1 . . . . . . . . . 1 . . . . . . . . Haulers 1 | . . . . . . . . . . . . 1 . . . . . . . . . . . . . . . . . . Repair Stations 3 | . . . . . . . . . . . . 1 . . . . . . . . . 1 . . . . 1 . . . Patch 3 | . . . . . . . . . . . . 1 . . . . . . . . . 1 . . . . 1 . . . Recycling Units . | . . . . . . . . . . . . . . . . . . . . . . . . . . . . . . . Scanalyzers . | . . . . . . . . . . . . . . . . . . . . . . . . . . . . . . . Garrison Access . | . . . . . . . . . . . . . . . . . . . . . . . . . . . . . . . Data Cores Recovered 1 | . . . . . . . . . . . . . . . . . . . . . 1 . . . . . . . . . Used . | . . . . . . . . . . . . . . . . . . . . . . . . . . . . . . . Hacking Detections 71 | . 7 . . . 9 3 6 . . . . 16 . . . . 3 4 . . 2 10 . . . . 5 4 . 2 Full Trace Events 5 | . . . . . . . 1 . . . . 2 . . . . . 1 . . . 1 . . . . . . . . Feedback Events . | . . . . . . . . . . . . . . . . . . . . . . . . . . . . . . . Feedback Blocked . | . . . . . . . . . . . . . . . . . . . . . . . . . . . . . . . Robot Schematics Acquired 9 | . . . . . . . . . . 7 . . . . 2 . . . . . . . . . . . . . . . Robots Built . | . . . . . . . . . . . . . . . . . . . . . . . . . . . . . . . Authchips . | . . . . . . . . . . . . . . . . . . . . . . . . . . . . . . . Time . | . . . . . . . . . . . . . . . . . . . . . . . . . . . . . . . Total Robot Build Rating . | . . . . . . . . . . . . . . . . . . . . . . . . . . . . . . . Part Schematics Acquired 21 | . . . . . . . . . . 8 . . . . 13 . . . . . . . . . . . . . . . Parts Built . | . . . . . . . . . . . . . . . . . . . . . . . . . . . . . . . Authchips . | . . . . . . . . . . . . . . . . . . . . . . . . . . . . . . . Time . | . . . . . . . . . . . . . . . . . . . . . . . . . . . . . . . Total Part Build Rating . | . . . . . . . . . . . . . . . . . . . . . . . . . . . . . . . Part Studies Acquired 10 | . . . . . 1 . 1 . . . . 4 . . . . . . . . . . . . . . 2 . . 2 Parts Repaired 2 | . . . . . . . 1 . . . . . . . . . . . . . . 1 . . . . . . . . Time 134 | . . . . . . . 26 . . . . . . . . . . . . . . 108 . . . . . . . . Parts Recycled . | . . . . . . . . . . . . . . . . . . . . . . . . . . . . . . . Recycled Matter . | . . . . . . . . . . . . . . . . . . . . . . . . . . . . . . . Retrieved Matter . | . . . . . . . . . . . . . . . . . . . . . . . . . . . . . . . Retrieved Components 37 | . 11 . . . 1 . . . . . . 6 . . . . 19 . . . . . . . . . . . . . Parts Scanalyzed . | . . . . . . . . . . . . . . . . . . . . . . . . . . . . . . . Part Schematics Acquired . | . . . . . . . . . . . . . . . . . . . . . . . . . . . . . . . Parts Damaged . | . . . . . . . . . . . . . . . . . . . . . . . . . . . . . . . Bothacking | -11 -10 -10 -10 -9 -8 -8 -7 -7 -7 -7 -6 -6 -6 -6 -6 -5 -5 -5 -5 -5 -5 -4 -4 -4 -4 -3 -3 -3 -2 -1 ------------ Run | Yrd Mat Min Exi Min Mat Gar Fac Low Low Dat Pro Fac Low Low Zio Pro Fac Ext Cet Arc Hub Fac Upp Upp War Pro Res Arm Res Acc Used RIF Installer . | . . . . . . . . . . . . . . . . . . . . . . . . . . . . . . . Robots Hacked 3 | . . . . . . . . . . . . . . . . . . . . . . . . . . . . . 3 . Non-combat 2 | . . . . . . . . . . . . . . . . . . . . . . . . . . . . . 2 . Combat 1 | . . . . . . . . . . . . . . . . . . . . . . . . . . . . . 1 . Robot Hacks Applied 3 | . . . . . . . . . . . . . . . . . . . . . . . . . . . . . 3 . parse_system 2 | . . . . . . . . . . . . . . . . . . . . . . . . . . . . . 2 . find_fabricator 1 | . . . . . . . . . . . . . . . . . . . . . . . . . . . . . 1 . Relay Couplers Released 14 | . . . . . . 8 . . . . . 4 . . . . . . . . . . . . . . . . 2 . Machine Destruction 10 | . . . . . . 8 . . . . . . . . . . . . . . . . . . . . . . 2 . Programmers 4 | . . . . . . . . . . . . 4 . . . . . . . . . . . . . . . . . . Fabnet Peak Effective % . | . . . . . . . . . . . . . . . . . . . . . . . . . . . . . . . Robots Rewired 31 | . . . 2 . . . . . . . . . . . . . . 14 . . . . 2 . . . . 13 . . Allies Hacked 2 | . . . . . . . . . . . . . . . . 1 . . . . . . . . . . . 1 . . Hacks Repelled . | . . . . . . . . . . . . . . . . . . . . . . . . . . . . . . . Allies | -11 -10 -10 -10 -9 -8 -8 -7 -7 -7 -7 -6 -6 -6 -6 -6 -5 -5 -5 -5 -5 -5 -4 -4 -4 -4 -3 -3 -3 -2 -1 -------- Run | Yrd Mat Min Exi Min Mat Gar Fac Low Low Dat Pro Fac Low Low Zio Pro Fac Ext Cet Arc Hub Fac Upp Upp War Pro Res Arm Res Acc Total Allies 55 | . . 1 2 . . 2 . . . . . . . . 2 . . 22 5 . . 6 2 . . . . 13 . . Largest Group 12 | . . 1 2 2 . 2 2 . . . . . . . 2 2 . 12 8 5 4 3 2 . . . . 7 . . Highest-Rated Group 690 | . . 31 29 29 . 62 62 . . . . . . . 42 42 . 471 690 404 384 141 78 . . . . 380 . . Highest-Rated Ally 159 | . . 31 21 21 . 31 31 . . . . . . . 28 28 . 159 159 96 96 47 48 . . . . 89 . . Initial Warlord ECA Mod 5 | . . . . . . . 5 5 5 5 4 4 2 2 2 1 1 1 1 1 1 . . . . . . . . . Warlord Squad Rendezvous 3 | . . . . . . . . . . . . 2 . . . . . . . . 1 . . . . . . . . . Pyro 2 | . . . . . . . . . . . . 1 . . . . . . . . 1 . . . . . . . . . Chimera 1 | . . . . . . . . . . . . 1 . . . . . . . . . . . . . . . . . . Total Orders 8 | . . . . . . . . . . . . . . . . . . 2 . . . 1 . . . . . 5 . . STAY 5 | . . . . . . . . . . . . . . . . . . 1 . . . . . . . . . 4 . . FOLLOW 2 | . . . . . . . . . . . . . . . . . . 1 . . . . . . . . . 1 . . EXPLORE 1 | . . . . . . . . . . . . . . . . . . . . . . 1 . . . . . . . . Ally Attacks 441 | . . 4 . 6 . 20 12 . . . . . . . . 5 . 134 30 12 98 50 . . . . . 70 . . Total Damage 11482 | . . 64 . 85 . 251 127 . . . . . . . . 64 . 2766 1063 303 3248 1383 . . . . . 2128 . . Kills 64 | . . . . 1 . 2 . . . . . . . . . 1 . 21 4 2 18 5 . . . . . 10 . . Allies Corrupted 4 | . . . . . . . . . . . . . . . . 1 . . . . 1 1 . . . . . 1 . . Allies Melted 7 | . . . . . . . . . . . . . . . . . . . . . 1 . 1 . 1 . . 1 3 . Intel | -11 -10 -10 -10 -9 -8 -8 -7 -7 -7 -7 -6 -6 -6 -6 -6 -5 -5 -5 -5 -5 -5 -4 -4 -4 -4 -3 -3 -3 -2 -1 ------- Run | Yrd Mat Min Exi Min Mat Gar Fac Low Low Dat Pro Fac Low Low Zio Pro Fac Ext Cet Arc Hub Fac Upp Upp War Pro Res Arm Res Acc Active Infowar (turns) 20798 | . . . . . . . . 707 1481 178 612 631 1155 1374 1385 673 120 . . . 432 2438 1757 683 836 1238 2945 1137 857 159 Optics 975 | . . . . . . . . . . . . . . . . . . . . . . 3 . . . . . . 813 159 IFF 16873 | . . . . . . . . . . . . . 915 1310 1385 672 120 . . . 430 2433 1756 683 836 1238 2945 1137 854 159 Terrain 1147 | . . . . . . . . . . . 514 631 . . . . . . . . . 2 . . . . . . . . Structural 2771 | . . . . . . . . 707 1481 178 98 . 240 64 . 1 . . . . 2 . . . . . . . . . ECM 1 | . . . . . . . . . . . . . . . . . . . . . . . 1 . . . . . . . Robot Analysis Total . | . . . . . . . . . . . . . . . . . . . . . . . . . . . . . . . Derelict Logs Recovered 13 | . . 2 . 1 . . . . . . 1 . . 2 1 2 . . . . . . 2 2 . . . . . . Drone Launches 3 | . . . . . . . . . . . . . . . . . . . . . . 3 . . . . . . . . Drone Recoveries . | . . . . . . . . . . . . . . . . . . . . . . . . . . . . . . . Exploration | -11 -10 -10 -10 -9 -8 -8 -7 -7 -7 -7 -6 -6 -6 -6 -6 -5 -5 -5 -5 -5 -5 -4 -4 -4 -4 -3 -3 -3 -2 -1 ------------- Run | Yrd Mat Min Exi Min Mat Gar Fac Low Low Dat Pro Fac Low Low Zio Pro Fac Ext Cet Arc Hub Fac Upp Upp War Pro Res Arm Res Acc Turns Passed 45577 | 118 1468 1167 469 254 986 2657 2247 899 1481 178 836 4638 1193 1417 1385 1029 1109 2151 507 577 1677 5081 1963 728 1205 1396 3589 2104 909 159 Spaces Moved 21669 | 52 707 686 426 185 576 975 664 356 606 75 291 1933 696 783 846 453 505 960 183 147 662 1565 942 413 631 580 1841 785 1915 230 Core 50 | 5 . . . . . . . . . . . . . . . . . . . . . . . . . . . 25 20 . Treads 16628 | 47 707 376 . . 148 975 664 356 606 75 291 1464 630 783 846 453 74 409 183 147 662 1565 942 413 631 580 1841 760 . . Legs 904 | . . . 291 185 428 . . . . . . . . . . . . . . . . . . . . . . . . . Wheels 1962 | . . 310 135 . . . . . . . . 469 66 . . . 431 551 . . . . . . . . . . . . Hover 345 | . . . . . . . . . . . . . . . . . . . . . . . . . . . . . 345 . Flight 1780 | . . . . . . . . . . . . . . . . . . . . . . . . . . . . . 1550 230 Fastest Speed 21 | 50 160 125 90 90 90 242 240 240 240 240 232 155 155 161 161 161 107 107 160 160 160 162 160 160 160 160 156 50 24 21 Average Speed 156 | 149 160 144 101 90 120 242 240 240 240 240 236 168 159 161 161 198 151 150 160 160 160 164 161 160 162 163 161 159 32 23 Slowest Speed 245 | 160 160 160 170 90 242 242 243 240 240 240 240 245 240 161 161 232 245 242 160 160 162 165 165 160 164 164 166 240 50 24 Overloaded Moves . | . . . . . . . . . . . . . . . . . . . . . . . . . . . . . . . Propulsion Burnouts . | . . . . . . . . . . . . . . . . . . . . . . . . . . . . . . . Robots Hopped 14 | . . . . . . . . . . . . . . . . . . . . . . . . . . . . . 8 6 Potential Cave-ins . | . . . . . . . . . . . . . . . . . . . . . . . . . . . . . . . Cave-ins Triggered . | . . . . . . . . . . . . . . . . . . . . . . . . . . . . . . . Exploration Rate (%) 60 | 5 97 88 89 35 41 96 11 50 65 68 60 45 85 91 84 68 12 88 56 77 50 35 88 66 81 69 51 62 64 8 Regions Visited 30 Branch Regions 20 Pre-discovered Areas 7 | . . . 1 1 . . . 2 . 1 . . . 1 1 . . . . . . . . . . . . . . . Known Exits Taken 8 | . . . . . 1 . 1 . . . . 1 . . . 1 . . . . . 1 1 . . 1 1 . . . Unknown Exits Taken 21 | 1 1 1 1 1 . . . 1 1 1 1 . 1 1 1 . 1 1 1 1 1 . . 1 1 . . 1 1 . Scrap Searched 27 | . . 1 . 1 . . . 1 3 . 2 . 3 4 3 2 . . . . . . 5 1 . 1 . . . . Spaces Dug 70 | . . . . . 2 . . . . . . 5 . . . . 2 2 . . 9 40 2 1 2 . . . 3 2 Terrain Destroyed 957 | . . . . 1 2 4 69 . 8 . . 55 35 72 . 1 40 22 2 15 73 217 95 10 2 5 90 131 6 2 Melee 10 | . . . . . 2 . . . . . . . . . . . 2 . . . 1 . . . 2 . . . 1 2 Projectile 403 | . . . . 1 . 4 16 . . . . . . . . 1 5 22 2 15 57 152 32 10 . 5 20 56 5 . AOE 537 | . . . . . . . 53 . 8 . . 55 35 72 . . 33 . . . 14 61 62 . . . 70 74 . . Terrain Rammed . | . . . . . . . . . . . . . . . . . . . . . . . . . . . . . . . Walls Destroyed . | . . . . . . . . . . . . . . . . . . . . . . . . . . . . . . . Machines Disabled . | . . . . . . . . . . . . . . . . . . . . . . . . . . . . . . . Actions | -11 -10 -10 -10 -9 -8 -8 -7 -7 -7 -7 -6 -6 -6 -6 -6 -5 -5 -5 -5 -5 -5 -4 -4 -4 -4 -3 -3 -3 -2 -1 --------- Run | Yrd Mat Min Exi Min Mat Gar Fac Low Low Dat Pro Fac Low Low Zio Pro Fac Ext Cet Arc Hub Fac Upp Upp War Pro Res Arm Res Acc Total 30638 | 79 918 795 464 255 795 1153 1137 385 624 74 387 3113 764 909 866 551 732 1452 379 426 1126 3583 1273 458 790 993 2315 1370 2172 300 Wait 5761 | 14 99 31 7 55 84 33 284 8 4 . 64 870 22 100 12 79 112 167 138 234 318 1656 201 18 83 356 250 217 198 47 Move 21611 | 51 706 685 425 184 575 971 664 355 605 74 290 1932 695 782 845 452 504 959 182 146 661 1564 941 412 630 579 1840 784 1898 220 Hop 11 | . . . . . . . . . . . . . . . . . . . . . . . . . . . . . 8 3 Pick Up 301 | 2 16 17 1 2 23 12 31 3 . . 1 36 6 1 2 1 10 12 7 . 10 25 12 5 10 8 32 11 5 . Fast Attach 211 | 6 4 1 2 1 8 1 12 2 2 . 3 16 3 . . 1 18 11 9 6 8 25 5 . 10 2 23 8 22 2 Attach 108 | . . 5 . . 7 . 13 1 . . 3 12 . . . 1 6 . . . 4 13 10 2 3 2 9 11 5 1 Detach 24 | . . . 1 . 1 . 1 . . . . 4 . . . . 2 . . 1 . 3 2 1 2 . . 2 4 . Swap 478 | . 2 5 . 1 16 15 15 6 4 . 5 36 13 12 4 6 17 24 10 4 37 82 20 3 12 15 48 63 3 . Drop 466 | . 15 11 2 3 30 13 34 4 4 . 1 45 12 1 2 . 18 37 24 7 27 35 8 5 24 9 57 27 10 1 Fire 1217 | 6 74 40 . 9 49 74 82 6 5 . 20 158 13 13 . 11 43 81 9 28 54 180 56 12 6 22 56 96 14 . Melee 46 | . . . . . 2 22 . . . . . . . . 1 . 2 . . . 1 . . . 9 . . . 5 4 Ram . | . . . . . . . . . . . . . . . . . . . . . . . . . . . . . . . Kick . | . . . . . . . . . . . . . . . . . . . . . . . . . . . . . . . Crush 7 | . 2 . . . . . 1 . . . . 3 . . . . . . . . . . . . 1 . . . . . Escape Stasis 36 | . . . . . . 12 . . . . . . . . . . . 24 . . . . . . . . . . . . Rewire 325 | . . . 26 . . . . . . . . 1 . . . . . 129 . . . . 18 . . . . 151 . . Trap . | . . . . . . . . . . . . . . . . . . . . . . . . . . . . . . . Miscellaneous 36 | . . . . . . . . . . . . . . . . . . 8 . . 6 . . . . . . . . 22 Route ------- -11/Scrapyard -10/Materials (discovered 5 exits: [*Mat x3] / [*Min x2]) -10/Mines (discovered 4 exits: [*Mat x2] / *Exi / Sub) -10/Exiles -9/Mines -8/Materials -8/Garrison (discovered 3 exits: *Fac x3) -7/Factory (discovered 3 exits: Sto / *Low x2) -7/Lower Caves -7/Lower Caves -7/Data Miner -6/Proximity Caves -6/Factory (discovered 4 exits: *Fac x2 / *Low x2) -6/Lower Caves -6/Lower Caves (discovered 2 exits: *Fac / [*Zio]) -6/Zion -5/Proximity Caves -5/Factory -5/Extension (discovered 2 exits: *Fac / *Cet) -5/Cetus (discovered 2 exits: *Fac / [*Arc]) -5/Archives (discovered 3 exits: *Fac / *Hub x2) -5/Hub_04(d) (discovered 3 exits: *Fac x3) -4/Factory (discovered 5 exits: *Res x3 / *Upp x2) -4/Upper Caves -4/Upper Caves -4/Warlord -3/Proximity Caves -3/Research (discovered 4 exits: *Res x2 / *Arm / [*Tes]) -3/Armory (discovered 2 exits: *Res x2) -2/Research (discovered 4 exits: *Acc x2 / *Qua x2) -1/Access To Epsilon Eridani History --------- Turn | Location | Event 21 | -11/Scrapyard | Discovered new exit (range 16) 119 | -11/Scrapyard | Entered Materials 308 | -10/Materials | Build established: Mutant 494 | -10/Materials | Discovered new exit (range 9) 742 | -10/Materials | Discovered new exit (range 10) 873 | -10/Materials | Discovered new exit (range 8) 1225 | -10/Materials | Discovered new exit (range 16) 1249 | -10/Materials | Discovered new exit (range 15) 1587 | -10/Materials | Entered Mines 1610 | -10/Mines | Met a Derelict bent on vengeance 1647 | -10/Mines | Build established: Scavenger-Mutant 1811 | -10/Mines | Core integrity fell below 50% 1848 | -10/Mines | Lost 4 parts (1p1n2w) 1889 | -10/Mines | Escorted by a lone wolf Derelict 2105 | -10/Mines | Build established: Mutant 2283 | -10/Mines | Discovered new exit (range 14) 2357 | -10/Mines | Deemed a non-threat by the Exiles lab entrance 2357 | -10/Mines | Discovered new exit (range 5) 2383 | -10/Mines | Found DCF Scrap (13 items) 2451 | -10/Mines | Identified exit to Subcaves 2501 | -10/Mines | A weapon hastily lodged in a ceiling crevice suddenly fell to the ground 2530 | -10/Mines | Learned Materials terminal intel 2530 | -10/Mines | Discovered new exit (range 12) 2754 | -10/Mines | Entered Exiles 2754 | -10/Exiles | Found Exiles lab destroyed 2929 | -10/Exiles | Opened EX-Vault 2935 | -10/Exiles | Found Potential Leg 2938 | -10/Exiles | Found Potential Leg 2987 | -10/Exiles | Learned location of Zion (-6) 3208 | -10/Exiles | Discovered new exit (range 10) 3223 | -10/Exiles | Entered Mines 3223 | -9/Mines | Accompanied by 2 allies 3238 | -9/Mines | Assembled infested the area 3473 | -9/Mines | Discovered new exit (range 5) 3477 | -9/Mines | Entered Materials 3477 | -8/Materials | Evolved 4 slots: Propulsion x2, Utility x1, Weapon x1 3478 | -8/Materials | Loaded intel: 11 terminal locations 3896 | -8/Materials | Build established: Scavenger-Gunner 4320 | -8/Materials | Garrison activated, responded to threat 4461 | -8/Materials | Identified exit to Garrison 4463 | -8/Materials | Entered Garrison 4611 | -8/Garrison | Triggered checkpoint 4703 | -8/Garrison | Triggered checkpoint 4836 | -8/Garrison | Discovered new exit (range 11) 4945 | -8/Garrison | Build established: Scavenger-Tank 4953 | -8/Garrison | Triggered checkpoint 5007 | -8/Garrison | Garrison Relay disabled 5081 | -8/Garrison | Garrison Relay disabled 5324 | -8/Garrison | Triggered checkpoint 5428 | -8/Garrison | Discovered new exit (range 14) 5511 | -8/Garrison | Triggered checkpoint 5887 | -8/Garrison | Triggered checkpoint 6145 | -8/Garrison | Rescued a captive Derelict 6149 | -8/Garrison | Rescued a captive Derelict 6202 | -8/Garrison | Discovered new exit (range 10) 6340 | -8/Garrison | Attempted to access garrison exit controls, blocked by remote lockdown 6449 | -8/Garrison | Triggered checkpoint 6574 | -8/Garrison | Build established: Scavenger-Mutant 6616 | -8/Garrison | Attempted to access garrison exit controls, blocked by remote lockdown 7120 | -8/Garrison | Entered Factory 7120 | -7/Factory | Accompanied by 2 allies 7120 | -7/Factory | Evolved 2 slots: Utility x1, Weapon x1 7210 | -7/Factory | Repaired Broken Arm. Treads 7274 | -7/Factory | Garrison activated, responded to threat 7317 | -7/Factory | Lost 4 parts (1p2n1u) 7319 | -7/Factory | Destroyed 7 combat bots 7414 | -7/Factory | Build established: Scavenger-Tank 7469 | -7/Factory | Lost 3 parts (1n2w) 8203 | -7/Factory | Lost 3 parts (1u2w) 8552 | -7/Factory | Identified exit to Storage 8552 | -7/Factory | Identified exit to Lower Caves 9120 | -7/Factory | First assault squad dispatched 9367 | -7/Factory | Entered Lower Caves 9373 | -7/Lower Caves | Met a Warlord Commander 9374 | -7/Lower Caves | Learned location of Warlord (-4) 9375 | -7/Lower Caves | Warlord Commander delivered Encrypted Comm Array 9385 | -7/Lower Caves | Found Encrypted Comm Array 9599 | -7/Lower Caves | Encountered a Warlord checkpoint 10076 | -7/Lower Caves | Entered an active Warlord outpost 10097 | -7/Lower Caves | Learned Research garrison access intel 10240 | -7/Lower Caves | Discovered new exit (range 6) 10266 | -7/Lower Caves | Entered another Lower Caves area 10492 | -7/Lower Caves | Attacked by a delusional Derelict stockpiling parts 10959 | -7/Lower Caves | Discovered new exit (range 5) 11549 | -7/Lower Caves | Learned Factory emergency access door positions 11549 | -7/Lower Caves | Learned Extension stockpile data 11549 | -7/Lower Caves | Learned Factory security intel 11549 | -7/Lower Caves | Learned Factory garrison access intel 11747 | -7/Lower Caves | Entered Data Miner 11747 | -7/Data Miner | Discovered new exit (range 7) 11793 | -7/Data Miner | Met Data Miner 11834 | -7/Data Miner | Learned location of Section 7 (-2) 11848 | -7/Data Miner | Acquired the access code to Warlord's prototype stash 11870 | -7/Data Miner | Received God Mode back door access code from Data Miner 11925 | -7/Data Miner | Entered Proximity Caves 11986 | -6/Proximity Caves | Learned Factory stockpile data 12080 | -6/Proximity Caves | Attracted the attention of an 0b10 checkpoint 12321 | -6/Proximity Caves | Build established: Tank 12592 | -6/Proximity Caves | Discovered new exit (range 9) 12682 | -6/Proximity Caves | Build established: Scavenger-Tank 12761 | -6/Proximity Caves | Entered Factory 12761 | -6/Factory | Evolved 2 slots: Propulsion x2 12765 | -6/Factory | Loaded intel: 4 garrison access locations 13068 | -6/Factory | Build established: Scavenger-Gunner 13173 | -6/Factory | Lost 7 parts (2n1u4w) 13250 | -6/Factory | Joined by Warlord Chimera squad 13329 | -6/Factory | Discovered new exit (range 15) 13420 | -6/Factory | Identified exit to Lower Caves 14028 | -6/Factory | Discovered new exit (range 11) 14420 | -6/Factory | Incoming investigation squad redirected 14445 | -6/Factory | Joined by Warlord Pyro squad 14464 | -6/Factory | Discovered new exit (range 11) 14635 | -6/Factory | Lost 3 allies 14763 | -6/Factory | Garrison activated, responded to threat 14997 | -6/Factory | Destroyed 7 combat bots 15189 | -6/Factory | Central database locked down 15399 | -6/Factory | Spotted B-75 Beast 16611 | -6/Factory | First assault squad dispatched 17337 | -6/Factory | Incoming assault squad redirected 17399 | -6/Factory | Entered Lower Caves 18560 | -6/Lower Caves | Discovered new exit (range 6) 18592 | -6/Lower Caves | Entered another Lower Caves area 18593 | -6/Lower Caves | Encountered a Warlord checkpoint 18593 | -6/Lower Caves | Discovered new exit (range 7) 19158 | -6/Lower Caves | Attracted the attention of an 0b10 checkpoint 19211 | -6/Lower Caves | Learned Factory emergency access door positions 19574 | -6/Lower Caves | Discovered new exit (range 15) 20009 | -6/Lower Caves | Entered Zion 20084 | -6/Zion | Found Unknown Piercing Weapon 20284 | -6/Zion | Identified CR-A16's Pointy Stick 20356 | -6/Zion | Gained Derelict followers 20543 | -6/Zion | Learned 4 Factory zone layouts 20856 | -6/Zion | Met Imprinter 21073 | -6/Zion | Received a visual enhancement algorithm 21334 | -6/Zion | Discovered new exit (range 13) 21394 | -6/Zion | Entered Proximity Caves 21394 | -5/Proximity Caves | Accompanied by 2 allies 21655 | -5/Proximity Caves | Acquired the password to a Derelict Tinkerer's latest research 21726 | -5/Proximity Caves | Spotter reported a threat 21779 | -5/Proximity Caves | Spotter reported a threat 21794 | -5/Proximity Caves | Lost 3 parts (2n1w) 21922 | -5/Proximity Caves | Identified exit to Factory 21947 | -5/Proximity Caves | Learned Factory non-interactive machine intel 22423 | -5/Proximity Caves | Entered Factory 22423 | -5/Factory | Evolved 2 slots: Propulsion x1, Weapon x1 22426 | -5/Factory | Loaded intel: 177 non-interactive machine locations 22567 | -5/Factory | Garrison activated, responded to threat 22723 | -5/Factory | Search patrols dispatched 22756 | -5/Factory | Discovered new exit (range 6) 22832 | -5/Factory | Destroyed 7 combat bots 23067 | -5/Factory | Allied Derelicts emerged from ambush trap array 23328 | -5/Factory | Lost 6 parts (3n3w) 23532 | -5/Factory | Entered Extension 23577 | -5/Extension | Rescued a captive Derelict 24016 | -5/Extension | Rescued a captive Derelict 24053 | -5/Extension | Rescued a captive Derelict 24053 | -5/Extension | Rescued a captive Derelict 24267 | -5/Extension | Rescued a captive Derelict 24628 | -5/Extension | Spotted B-75 Beast 24639 | -5/Extension | Destroyed B-75 Beast 24646 | -5/Extension | Spotted B-75 Beast 24664 | -5/Extension | Destroyed B-75 Beast 24686 | -5/Extension | Lost 4 allies 24832 | -5/Extension | Disrupted transfer network 24947 | -5/Extension | Rescued a captive Derelict 25113 | -5/Extension | Rescued A7 25220 | -5/Extension | Rescued a captive Derelict 25536 | -5/Extension | Disrupted transfer network 25574 | -5/Extension | Discovered new exit (range 10) 25575 | -5/Extension | Discovered new exit (range 6) 25683 | -5/Extension | Entered Cetus 25683 | -5/Cetus | Accompanied by 8 allies (A7) 25688 | -5/Cetus | Acquired a Cetus Manufacturing Module code from A7 25716 | -5/Cetus | Spotted Cetus Guard 25717 | -5/Cetus | Spotted Cetus Guard 25718 | -5/Cetus | Spotted Cetus Guard 25720 | -5/Cetus | Spotted Cetus Guard 25726 | -5/Cetus | Destroyed Cetus Guard 25732 | -5/Cetus | Allies destroyed Cetus Guard 25744 | -5/Cetus | Allies destroyed Cetus Guard 25746 | -5/Cetus | Allies destroyed Cetus Guard 25778 | -5/Cetus | Lost 5 allies 25832 | -5/Cetus | Started Cetus Manufacturing Module 25857 | -5/Cetus | Manufactured an Enhanced Grunt 25882 | -5/Cetus | Manufactured an Enhanced Grunt 25907 | -5/Cetus | Manufactured an Enhanced Grunt 25932 | -5/Cetus | Manufactured an Enhanced Grunt 25957 | -5/Cetus | Manufactured an Enhanced Grunt 25980 | -5/Cetus | Discovered new exit (range 16) 26018 | -5/Cetus | Spotted Cetus Guard 26020 | -5/Cetus | Spotted Cetus Guard 26021 | -5/Cetus | Spotted Cetus Guard 26023 | -5/Cetus | Spotted Cetus Guard 26028 | -5/Cetus | Destroyed Cetus Guard 26028 | -5/Cetus | Destroyed Cetus Guard 26028 | -5/Cetus | Allies destroyed Cetus Guard 26029 | -5/Cetus | Destroyed Cetus Guard 26055 | -5/Cetus | Discovered new exit (range 15) 26065 | -5/Cetus | Met Revision 17 26106 | -5/Cetus | System corruption reached 10% 26190 | -5/Cetus | Entered Archives 26190 | -5/Archives | Accompanied by 6 allies (A7) 26280 | -5/Archives | Discovered new exit (range 16) 26647 | -5/Archives | Discovered new exit (range 16) 26710 | -5/Archives | Discovered new exit (range 14) 26767 | -5/Archives | Entered Hub_04(d) 26767 | -5/Hub_04(d) | Accompanied by 4 allies 26968 | -5/Hub_04(d) | Watched by a mysterious "MATRIX" hacker. 26968 | -5/Hub_04(d) | Discovered new exit (range 13) 27251 | -5/Hub_04(d) | Discovered new exit (range 12) 27291 | -5/Hub_04(d) | Garrison activated, responded to threat 27367 | -5/Hub_04(d) | First assault squad dispatched 27427 | -5/Hub_04(d) | Discovered new exit (range 9) 27462 | -5/Hub_04(d) | Joined by Warlord Pyro squad 27536 | -5/Hub_04(d) | Network Hub disabled 27624 | -5/Hub_04(d) | Spotted Lightning 27625 | -5/Hub_04(d) | Spotted Lightning 27632 | -5/Hub_04(d) | Spotted Lightning 27634 | -5/Hub_04(d) | Destroyed Lightning 27642 | -5/Hub_04(d) | Destroyed Lightning 27653 | -5/Hub_04(d) | Destroyed Lightning 27662 | -5/Hub_04(d) | Lost 5 allies 27668 | -5/Hub_04(d) | Found Prototype Energy Cannon 27668 | -5/Hub_04(d) | Identified EMDS 27678 | -5/Hub_04(d) | Found Prototype Device 27678 | -5/Hub_04(d) | Identified Exp. EM Shield 27682 | -5/Hub_04(d) | Found Prototype Processor 27682 | -5/Hub_04(d) | Identified Exp. Targeting Computer 27930 | -5/Hub_04(d) | Network Hub disabled 28099 | -5/Hub_04(d) | Garrison activated, responded to threat 28444 | -5/Hub_04(d) | Entered Factory 28444 | -4/Factory | Evolved 2 slots: Power x1, Propulsion x1 28445 | -4/Factory | Identified exit to Research 28874 | -4/Factory | Lost 3 allies 29317 | -4/Factory | Incoming investigation squad redirected 29720 | -4/Factory | Incoming investigation squad redirected 29865 | -4/Factory | Repaired Centrium Heavy Treads 30376 | -4/Factory | Discovered exit to Research (range 5) 30444 | -4/Factory | First assault squad dispatched 30468 | -4/Factory | Incoming assault squad redirected 30679 | -4/Factory | Identified exit to Upper Caves 30691 | -4/Factory | Build established: Scavenger-Tank 30933 | -4/Factory | Spotted B-86 Titan 30955 | -4/Factory | Destroyed B-86 Titan 30967 | -4/Factory | Incoming assault squad redirected 31023 | -4/Factory | Garrison activated, responded to threat 31719 | -4/Factory | Incoming assault squad redirected 31787 | -4/Factory | Destroyed 8 combat bots 32460 | -4/Factory | Incoming assault squad redirected 32859 | -4/Factory | Destroyed 7 combat bots 33212 | -4/Factory | Incoming assault squad redirected 33228 | -4/Factory | Cargo convoy interrupted 33311 | -4/Factory | Destroyed 8 combat bots 33380 | -4/Factory | High security lockdown imminent 33460 | -4/Factory | High security lockdown engaged 33525 | -4/Factory | Entered Upper Caves 33564 | -4/Upper Caves | Learned Research emergency access door positions 33600 | -4/Upper Caves | Attracted the attention of an 0b10 outpost 33674 | -4/Upper Caves | Destroyed 9 combat bots 33682 | -4/Upper Caves | Lost 5 parts (1p2n1u1w) 34663 | -4/Upper Caves | Encountered a Warlord checkpoint 35106 | -4/Upper Caves | Spotted B-86 Titan 35140 | -4/Upper Caves | Destroyed B-86 Titan 35166 | -4/Upper Caves | Lost 4 allies 35317 | -4/Upper Caves | Identified exit to Upper Caves 35443 | -4/Upper Caves | Attracted the attention of an 0b10 checkpoint 35488 | -4/Upper Caves | Entered another Upper Caves area 36048 | -4/Upper Caves | Discovered new exit (range 15) 36216 | -4/Upper Caves | Entered Warlord 36274 | -4/Warlord | System corruption cleaned by Quarantine Array 36314 | -4/Warlord | System corruption cleaned by Quarantine Array 36329 | -4/Warlord | System corruption cleaned by Quarantine Array 36340 | -4/Warlord | System corruption cleaned by Quarantine Array 36616 | -4/Warlord | Warlord's base attacked by MAIN.C 36859 | -4/Warlord | Opened Warlord's prototype stash 36886 | -4/Warlord | Found Prototype Processor 36894 | -4/Warlord | Found Exp. Targeting Computer 36899 | -4/Warlord | Found Prototype Reactor 36966 | -4/Warlord | Warlord forces counterattacked 37012 | -4/Warlord | Met Warlord 37071 | -4/Warlord | Spotted Striker 37109 | -4/Warlord | Spotted Striker 37109 | -4/Warlord | Spotted Striker 37123 | -4/Warlord | Destroyed Striker 37172 | -4/Warlord | Lost 12 allies 37279 | -4/Warlord | Spotted Executioner 37291 | -4/Warlord | Warlord base infiltrated, sounded retreat 37318 | -4/Warlord | Found Prototype Ballistic Cannon 37318 | -4/Warlord | Identified Hvy. Autocannon 37335 | -4/Warlord | Found Prototype Processor 37335 | -4/Warlord | Identified Exp. Core Analyzer 37401 | -4/Warlord | Discovered new exit (range 13) 37416 | -4/Warlord | Spotted Executioner 37416 | -4/Warlord | Spotted Striker 37421 | -4/Warlord | Entered Proximity Caves 38555 | -3/Proximity Caves | Discovered exit to Research (range 16) 38802 | -3/Proximity Caves | System corruption reached 10% 38805 | -3/Proximity Caves | System corruption reached 30% 38817 | -3/Proximity Caves | Entered Research 38817 | -3/Research | Evolved 2 slots: Propulsion x1, Weapon x1 38818 | -3/Research | Identified exit to Armory 38820 | -3/Research | Loaded intel: 4 garrison access locations 39017 | -3/Research | Revision forces began assault on 0b10 39076 | -3/Research | Met up with Revision 17++ 39092 | -3/Research | Build established: Scavenger-Executioner 39188 | -3/Research | Found Gamma Bomb Array 39314 | -3/Research | Discovered new exit (range 5) 39517 | -3/Research | Research terminal network offline 39745 | -3/Research | Spotted Striker 39759 | -3/Research | Destroyed Executioner 39780 | -3/Research | Destroyed 9 combat bots 39784 | -3/Research | Lost 3 allies 39800 | -3/Research | Discovered new exit (range 15) 39868 | -3/Research | Spotted Striker 39892 | -3/Research | Destroyed Striker 39918 | -3/Research | Lost 3 parts (3u) 40220 | -3/Research | Discovered new exit (range 11) 40386 | -3/Research | Identified Exp. Target Analyzer 40529 | -3/Research | Identified Vortex Chain Reactor 41510 | -3/Research | Spotted Striker 41511 | -3/Research | Spotted Executioner 41520 | -3/Research | Destroyed Executioner 41534 | -3/Research | Destroyed Striker 41574 | -3/Research | Found Prototype Device 41574 | -3/Research | Identified Adv. Kinecellerator 41704 | -3/Research | Spotted Striker 41715 | -3/Research | Spotted Executioner 41731 | -3/Research | Destroyed Striker 41743 | -3/Research | Destroyed Executioner 41785 | -3/Research | Found Exp. Core Analyzer 41844 | -3/Research | Spotted Striker 41853 | -3/Research | Destroyed Striker 42406 | -3/Research | Entered Armory 42407 | -3/Armory | Met VL-GR5, who suggested a friendly competition 42532 | -3/Armory | Spotted B-86 Titan 42548 | -3/Armory | Destroyed B-86 Titan 42637 | -3/Armory | Lost the competition with VL-GR5 42657 | -3/Armory | Destroyed 7 combat bots 42658 | -3/Armory | Discovered new exit (range 3) 42683 | -3/Armory | VL-GR5 left a parting gift on exiting Armory 42693 | -3/Armory | Found Prototype Energy Cannon 42693 | -3/Armory | Identified Multinova Projection Cannon 43342 | -3/Armory | Lost 3 allies 43426 | -3/Armory | Destroyed 7 combat bots 44156 | -3/Armory | First assault squad dispatched 44312 | -3/Armory | P-80 Master assimilated allied Veteran 8b 44331 | -3/Armory | Discovered new exit (range 2) 44377 | -3/Armory | Spotted Armor Guard 44377 | -3/Armory | Spotted Armor Guard 44403 | -3/Armory | Destroyed Armor Guard 44433 | -3/Armory | Incoming assault squad redirected 44442 | -3/Armory | Destroyed Armor Guard 44446 | -3/Armory | Incoming assault squad redirected 44472 | -3/Armory | Core integrity fell below 50% 44473 | -3/Armory | Lost 4 allies 44478 | -3/Armory | System corruption reached 10% 44510 | -3/Armory | Core integrity fell below 20% 44510 | -3/Armory | Entered Research 44510 | -2/Research | Warlord forces began assault on 0b10 44510 | -2/Research | Evolved 2 slots: Propulsion x2 44511 | -2/Research | Identified exit to Quarantine 44526 | -2/Research | Lost 20 parts (1p6n3u10w) 44620 | -2/Research | Research machine network offline 44736 | -2/Research | Found Unknown Launcher 44736 | -2/Research | Identified Fusion Bomb Launcher 44765 | -2/Research | Discovered new exit (range 19) 44772 | -2/Research | Build established: Mutant 44828 | -2/Research | Lost 3 allies 44996 | -2/Research | Spotted Striker 45060 | -2/Research | Spotted Striker 45060 | -2/Research | Spotted Striker 45068 | -2/Research | Discovered exit to Quarantine (range 19) 45087 | -2/Research | Spotted Executioner 45088 | -2/Research | Spotted Executioner 45123 | -2/Research | Borebot progress halted 45162 | -2/Research | Spotted B-90 Cyclops 45218 | -2/Research | Lost 8 allies 45248 | -2/Research | Spotted Striker 45254 | -2/Research | Spotted Executioner 45262 | -2/Research | Build established: Scavenger-Sprinter 45413 | -2/Research | Discovered new exit (range 23) 45419 | -2/Research | Entered Access 45419 | -1/Access | Evolved 2 slots: Propulsion x2 45572 | -1/Access | Discovered new exit (range 3) 45578 | *** | Escaped! Last Messages --------------- 45512_ Dropped Adv. Weight Redist. System. 45513_ Acquired 10 matter. 45513_ Acquired Adv. Heat Sink. 45514_ U-05 Engineer builds a Wall. 45515_ Acquired 10 matter. 45516_ Chain reaction triggered in Unknown Power Core. 45516_ ZU-AP1(p) destroyed. 45526_ Dismantling Sealed Barrier with Imp. Plasma Cutter. 45536_ K-01 Serf cleans the Terminal. 45536_ Dismantling Sealed Barrier with Imp. Plasma Cutter. 45538_ ALERT: Potential suspicious activity detected, Programmers report to Access Zone 4R. 45538_ Dismantling Sealed Barrier with Imp. Plasma Cutter. 45541_ K-01 Serf cleans the Terminal. 45542_ Dismantling Sealed Barrier with Imp. Plasma Cutter. 45556_ Sealed Barrier dismantled. 45562_ Dismantling Main Access Shell with Imp. Plasma Cutter. 45572_ Main Access Shell dismantled. 45572_ EXIT=FOUND [Achievement: Hardcore] Map ----- +----------------------------------------------------+ | ?????????????????????????????????????????????????? | | ?????????????????????????????????????????????????? | | ?????????????????????????????????????????????????? | | ?????????????????????????????????????????????????? | | ?????????????????????????????????????????????????? | | ?????????????????????????????????????????????????? | | ?????????????????????????????????????????????????? | | ?????????????????????????????????????????????????? | | ?????????????????????????????????????????????????? | | ?????????????????????????????????????????????????? | | ?????????????????????????????????????????????????? | | ?????????????????????????????????????????????????? | | ?????????????????????????????????????????????????? | | ?????????????????????????????????????????????????? | | ?????????????????????????????????????????????????? | | ?????????????????????????????????????????????????? | | ?????????????????????????????????????????????????? | | ?????????????????????????????????????????????????? | | ?????????????????????????????????????????????????? | | ?????????????????????????????????????????????????? | | ?????????????????????????????????????????????????? | | ?????????????????????????????????????????????????? | | ??????????????????????""""""?????????????????????? | | ??????????????????????" "??#??????????????????? | | ???????????????????#??" "" "? #??????????????????? | | ???????????????????# ?" "@ "? #??????????????????? | | ???????????????????# " " #??????????????????? | | ???????????????????# "" " #??????????????????? | | ???????????????????# #??????????????????? | | ???????????????????# #??????????????????? | | ???????????????????""""" """"??????????????????? | | ???????????????????#"" #??????????????????? | | ???????????????????#"" #??????????????????? | | ???????????????????#"" #??????????????????? | | ???????????????????#T #??????????????????? | | ???????????????????#"" #??????????????????? | | ???????????????????#"" #??????????????????? | | ?????????????#######"" p##########?????????? | | ???????? #?????????? | | ???????? = p #?????????? | | ???????? ########################## #??######## | | ???????????????????################## #?? | | ???????????????????# ] # #? | | ???????????????????# # #? " | | ???????????????????# """S""" # #? "" | | ???????????????????# """ """ # #? "" | | ???????????????????# # # "" | | ???????????????????# # # "" | | ???????????????????# # # "" | | ???????????????????# # # "" | +----------------------------------------------------+ Best States ------------- Heat Dissipation 77 Energy Generation 55 Energy Capacity 700 Matter Stores 300 Matter Capacity 300 Sight Range 23 Terrain Scan Range 20 Terrain Scan Density 10 Additional Mass Support 9 EM Shielding 3 Armor Coverage 300 Resistance: EM 75 Weapon Shielding 33 Evasion (%) 65 Targeting Accuracy 12 Core Analysis 8 Recoil Reduction 9 Matter Filtering 30 Kinecelleration 40 Defensive Hacking 14 Item Schematics ----------------- Combat Drone Bay | -7/Data Miner | Free Lgt. Regenerative Plating | -7/Data Miner | Free Cld. Aerolev Unit | -7/Data Miner | Free Thermal Defense Suite | -7/Data Miner | Free Antimatter Cannon | -7/Data Miner | Free Arm. Medium Treads | -7/Data Miner | Free Imp. Shock Absorption System | -7/Data Miner | Free Hyp. Gauss Cannon | -7/Data Miner | Free Imp. Weapon Cycler | -6/Zion | Archive Lyr. Medium Armor Plating | -6/Zion | Archive Adv. Thermal Shield | -6/Zion | Archive Phase Gun | -6/Zion | Archive Imp. Hardlight Generator | -6/Zion | Archive Point Defense System | -6/Zion | Archive Power Amplifier | -6/Zion | Archive Mass Driver | -6/Zion | Archive Force Field | -6/Zion | Archive KE Penetrator | -6/Zion | Archive Focal Shield | -6/Zion | Archive Imp. Medium Treads | -6/Zion | Archive Enh. Optical Array | -6/Zion | Archive Robot Schematics ------------------ M-22 Extractor | -7/Data Miner | Free G-50 Soldier | -7/Data Miner | Free B-48 Gladiator | -7/Data Miner | Free A-15 Conveyor | -7/Data Miner | Free M-28 Smith | -7/Data Miner | Free L-41 Fighter | -7/Data Miner | Free D-63 Destroyer | -7/Data Miner | Free X-62 Marksman | -6/Zion | Archive X-77 Beamer | -6/Zion | Archive Fabricated ------------ Nothing Repaired ---------- Arm. Treads | 40% | -7/Factory | Broken Centrium Heavy Treads | 36% | -4/Factory Studied --------- Particle Gun | -8/Materials | Hacked Arm. Treads | -7/Factory | Hacked Flak Gun | -6/Factory | Hacked Imp. Proton Missile Launcher | -6/Factory | Hacked Hvy. Flak Cannon | -6/Factory | Hacked Mni. Grenade Launcher | -6/Factory | Hacked Railgun | -3/Research | Hacked Coil Gun | -3/Research | Hacked Nuclear Pulse Thruster | -1/Access | Hacked Nuclear Pulse Array | -1/Access | Hacked Alien Tech Used ----------------- None Achievements -------------- Besieged Hardcore Like A Rock Luggage Code Out Of My Way Challenges ------------ None Game ------ Seed LargeTerrorCloak Manual? 0 Play Time 04:46:07 Cumulative 1618.5 hours Start 2026.02.21 @ 23:35:14 End 2026.02.22 @ 16:27:30 Sessions 3 Manual Loads 0 Difficulty Rogue Special Mode None Game No. 1161 Rogue 1121 Adventurer 40 Explorer 0 Win Type 0 Total 210 Types 95/11/74/2/2/4/16/2/1/3 Lore% 97 Gallery% 95 Achievement% 83 Wizard Run 0 Options --------- Layout 0 ASCII 0 Keyboard 0 Movement Numpad Keybinds 0 Fullscreen 0 Font 20/Terminus Map View 76x50 Zoom Use 0% Tactical HUD 1 Map Filters NONE Filters NONE Steam 1 RUN: 775fd7e0-5bda-4d35-80f2-0a1b15fae93c